Cogmind - Beta 12 @@@ ROGUE MODE // 2023.03.22 @ 22:59:49 // Winter2019/RPGLIKE Player: ArabianSandBoa Result: Destroyed by NE-LRL(Y) with Heavy Autocannon Performance ------------- Evolutions (5) 2500 Regions Visited (27) 5400 Robots Destroyed (782) 3910 Value Destroyed (33281) 33281 Prototype IDs (77) 1540 Alien Tech Used (0) 0 Bonus (17110) 17110 TOTAL SCORE: 63741 Bonus ------- Triggered High Security 500 High Alert Combat Kills 9194 Follower Combat Kills 1969 Entered Garrisons 800 Aligned with FarCom 300 Met Data Miner 300 Met Imprinter 300 Was Imprinted 300 Met Warlord at Base 500 MAIN.C Attacked Warlord 500 Warlord Defense Kills 5326 Friendly Fire -2879 Cogmind --------- Core Integrity 0/950 Matter 266/300 Energy 135/940 System Corruption 9% Temperature Warm (198) Movement Rolling (160) Ox4 Location -5/Warlord Parts ------- > --- POWER (3) -------- Particle Reactor Vortex Chain Reactor > --- PROPULSION (2) --- Armored Huge Wheel > --- UTILITY (10) ----- Improved Cooling System Experimental Core Analyzer Experimental Armor Integrity Analyzer Advanced Particle Charger Advanced Weapon Cycler 8R-AWN's Armor/EX Improved Force Field > --- WEAPON (6) ------- Plasma Storm Helical Railgun > --- INVENTORY (6) ---- Zionite Weapon Casing Centrium Light Armor Plating Vortex Driver (30) Vortex Driver (30) Helical Railgun Peak State ------------ > --- POWER ------------ Particle Reactor Vortex Chain Reactor > --- PROPULSION ------- Armored Huge Wheel > --- UTILITY ---------- Advanced Power Amplifier Improved Cooling System Experimental Core Analyzer Experimental Armor Integrity Analyzer Advanced Particle Charger Advanced Weapon Cycler Centrium Light Armor Plating 8R-AWN's Armor/EX > --- WEAPON ----------- Plasma Storm Helical Railgun > --- INVENTORY -------- Protomatter Zionite Weapon Casing Improved Force Field Vortex Driver Vortex Driver Helical Railgun [Rating: 174] Favorites ----------- Power Light Particle Reactor Engine Light Angular Momentum Engine Power Core Light Neutrino Core Reactor Light Particle Reactor Propulsion Armored Huge Wheel Treads Improved Treads Leg Aluminum Leg Wheel Armored Huge Wheel Hover Unit Cooled Airjet Flight Unit Cooled Cesium-ion Thruster Utility Salvage Targeting Computer Device Advanced Weapon Cycler Storage Experimental Energy Well Processor Salvage Targeting Computer Hackware Hacking Suite Protection 8R-AWN's Armor/TH Weapon 8R-AWN's Boregun Energy Gun Storm Laser Energy Cannon Cooled Plasma Cannon Ballistic Gun 8R-AWN's Boregun Ballistic Cannon Mass Driver Launcher Rocket Array Slashing Weapon Katana Piercing Weapon CR-A16's Pointy Stick Build | -11 -10 -10 -9 -9 -9 -8 -8 -8 -8 -8 -8 -8 -7 -7 -7 -7 -6 -6 -6 -6 -6 -6 -5 -5 -5 -5 -5 ------- Run | Jun Mat Min Mat Min Exi Min Mat Gar Mat Gar Mat Gar Fac Low Low Zio Pro Fac Gar Fac Low Dat Pro Fac Upp Upp War Slots Evolved 17 | 4 2 1 3 . . . . 3 . . . . . . . 1 . 1 . 1 . . . . . . 1 Power 2 | . . . 1 . . . . 1 . . . . . . . . . . . . . . . . . . . Propulsion 1 | . 1 . . . . . . . . . . . . . . . . . . . . . . . . . . Utility 9 | 3 1 1 1 . . . . 1 . . . . . . . 1 . 1 . . . . . . . . . Weapon 5 | 1 . . 1 . . . . 1 . . . . . . . . . . . 1 . . . . . . 1 Parts Attached 228 | 4 22 4 26 7 27 14 6 16 1 1 . 4 6 1 . 11 6 9 8 15 1 5 3 6 5 . 20 Power 16 | . . 1 4 . 3 1 . 1 . . . . 1 . . . . . 1 1 . . 1 1 . . 1 Engine 5 | . . 1 4 . . . . . . . . . . . . . . . . . . . . . . . . Core 4 | . . . . . 2 . . 1 . . . . 1 . . . . . . . . . . . . . . Reactor 7 | . . . . . 1 1 . . . . . . . . . . . . 1 1 . . 1 1 . . 1 Propulsion 17 | 1 3 . 3 2 . . . . . . . . . . . . . . . 4 . . . . . . 4 Treads 6 | . 2 . 3 1 . . . . . . . . . . . . . . . . . . . . . . . Leg 1 | . . . . . . . . . . . . . . . . . . . . . . . . . . . 1 Wheel 7 | 1 1 . . 1 . . . . . . . . . . . . . . . 2 . . . . . . 2 Hover 1 | . . . . . . . . . . . . . . . . . . . . 1 . . . . . . . Flight 2 | . . . . . . . . . . . . . . . . . . . . 1 . . . . . . 1 Utility 130 | 2 9 2 7 3 13 13 6 14 . 1 . 4 1 1 . 7 6 6 7 7 1 3 1 . 5 . 11 Device 76 | 2 5 . 5 1 7 8 3 11 . 1 . 3 . 1 . 1 2 5 6 3 . 2 1 . 2 . 7 Storage 1 | . . . . . . 1 . . . . . . . . . . . . . . . . . . . . . Processor 19 | . 3 1 1 2 3 2 1 . . . . . . . . 3 1 . . . . . . . 1 . 1 Hackware 5 | . 1 . . . . 1 1 . . . . 1 . . . 1 . . . . . . . . . . . Protection 29 | . . 1 1 . 3 1 1 3 . . . . 1 . . 2 3 1 1 4 1 1 . . 2 . 3 Artifact . | . . . . . . . . . . . . . . . . . . . . . . . . . . . . Weapon 65 | 1 10 1 12 2 11 . . 1 1 . . . 4 . . 4 . 3 . 3 . 2 1 5 . . 4 Energy Gun 11 | . 4 . . . . . . . . . . . 2 . . 1 . 2 . . . 1 . . . . 1 Energy Cannon 12 | . . 1 2 . . . . . . . . . 1 . . . . 1 . 2 . 1 . 3 . . 1 Ballistic Gun 21 | 1 2 . 6 1 6 . . . 1 . . . . . . 2 . . . . . . 1 . . . 1 Ballistic Cannon 4 | . 1 . . 1 . . . 1 . . . . . . . . . . . . . . . 1 . . . Launcher 8 | . 3 . 1 . 1 . . . . . . . 1 . . . . . . 1 . . . . . . 1 Special Weapon . | . . . . . . . . . . . . . . . . . . . . . . . . . . . . Impact Weapon . | . . . . . . . . . . . . . . . . . . . . . . . . . . . . Slashing Weapon 8 | . . . 3 . 4 . . . . . . . . . . . . . . . . . . 1 . . . Piercing Weapon 1 | . . . . . . . . . . . . . . . . 1 . . . . . . . . . . . Special Melee Weapon . | . . . . . . . . . . . . . . . . . . . . . . . . . . . . Unidentified Prototypes 43 | . . . 1 . 11 5 . . . . . . 1 . . 4 1 2 . 4 . . . 2 1 . 11 Corrupted Parts 1 | . . . 1 . . . . . . . . . . . . . . . . . . . . . . . . System Corruption 3 | . . . 3 . . . . . . . . . . . . . . . . . . . . . . . . Parts Lost 7 | . . . 2 . . . 1 . . . . . . . . 1 . 1 . . . . . 1 . . 1 Power . | . . . . . . . . . . . . . . . . . . . . . . . . . . . . Propulsion 1 | . . . 1 . . . . . . . . . . . . . . . . . . . . . . . . Utility 5 | . . . 1 . . . 1 . . . . . . . . 1 . 1 . . . . . . . . 1 Weapon 1 | . . . . . . . . . . . . . . . . . . . . . . . . 1 . . . Highest Loss Streak 2 | . . . 2 . . . 1 . . . . . . . . 1 . 1 . . . . . 1 . . 1 To Critical Strikes . | . . . . . . . . . . . . . . . . . . . . . . . . . . . . Average Slot Usage (%) 81 | . 96 99 98 96 83 85 90 91 93 94 94 93 93 94 94 63 55 56 65 67 70 62 70 69 69 70 63 Engine 3 | . 11 9 9 14 10 . . . . . . . . . . . . . . . . . . . . . . Core 4 | . . . . . 2 7 7 8 11 11 11 11 10 11 11 11 11 10 9 1 . . . . . . . Reactor 6 | . . . . . 1 6 7 6 5 5 5 5 5 5 5 5 5 5 5 13 15 15 15 15 15 15 10 Treads 3 | . 6 19 15 8 . . . . . . . . . . . . . . . . . . . . . . . Wheel 4 | . 6 . . 2 7 7 7 6 5 5 5 5 5 5 5 5 5 5 5 4 5 5 5 5 5 5 4 Device 18 | . 33 5 7 7 10 14 20 22 29 29 29 29 29 29 29 4 . 6 18 20 20 20 25 25 24 25 21 Processor 15 | . 7 33 31 34 27 21 15 17 11 11 11 11 11 11 11 11 16 11 10 10 10 10 10 10 10 10 10 Hackware 3 | . 8 9 8 7 4 . 6 6 5 5 5 4 1 . . 3 . . . . . . . . . . . Protection 4 | . . . 5 . 2 7 5 . . . . . 3 5 5 10 10 10 10 9 10 9 5 5 5 5 6 Energy Gun 3 | . 13 15 . . . . . . . . . . 5 . . 1 5 5 5 5 5 2 5 5 5 5 4 Energy Cannon 1 | . . 4 3 . . . . . . . . . 1 5 5 . . . . 1 5 . 1 4 5 5 2 Ballistic Gun 7 | . 7 . 12 20 8 21 21 19 22 23 23 23 12 11 11 4 . . . . . . 3 . . . . Naked Turns . | . . . . . . . . . . . . . . . . . . . . . . . . . . . . Heaviest Build 134 | 9 14 26 38 33 77 65 61 74 74 68 67 73 101 101 96 116 98 110 117 122 122 118 115 115 119 119 134 Greatest Support 46 | 16 46 46 46 43 40 28 28 28 28 28 28 28 28 28 28 28 28 28 28 28 28 28 28 28 28 28 28 Greatest Overweight (x) 9 | . 4 . 5 9 2 2 2 2 2 2 2 2 3 3 3 4 3 3 4 4 4 4 4 4 4 4 4 Average Overweight (x) 2 | . . . . . . 1 1 1 2 2 2 2 2 3 3 2 2 2 3 3 4 3 3 3 3 4 3 Largest Inventory Capacity 6 | . 2 2 4 4 5 6 6 6 6 6 6 6 6 6 6 6 6 6 6 6 6 6 6 6 6 6 6 Average Capacity 5 | . . 2 3 4 4 5 6 6 6 6 6 6 6 6 6 6 6 6 6 6 6 6 6 6 6 6 6 Most Carried 6 | . 2 2 4 4 5 6 6 6 6 6 6 6 6 6 6 6 6 6 6 6 5 6 6 6 6 6 6 Average Carried 4 | . . 1 3 3 3 5 5 5 6 6 6 6 6 6 6 5 5 5 5 5 5 3 5 5 5 5 5 Final Capacity 6 | . 2 2 4 4 5 6 6 6 6 6 6 6 6 6 6 6 6 6 6 6 6 6 6 6 6 6 6 Final Carried 6 | . 2 2 4 4 5 6 6 6 6 6 6 6 6 6 6 6 6 6 6 5 5 6 6 6 6 6 5 Class Distribution -------------------- 26% | Scavenger-Mutant 24% | Hacker-Gunner 22% | Hacker-Mutant 19% | Scavenger-Gunner 3% | Hacker-Skirmisher Dominant Class ---------------- Hacker-Skirmisher | -10/Materials Hacker-Mutant | -10/Mines Hacker-Mutant | -9/Materials Hacker-Gunner | -9/Mines Hacker-Mutant | -9/Exiles Scavenger-Mutant | -8/Mines Scavenger-Mutant | -8/Materials Scavenger-Mutant | -8/Garrison Scavenger-Mutant | -8/Materials Scavenger-Mutant | -8/Garrison Scavenger-Mutant | -8/Materials Scavenger-Mutant | -8/Garrison Scavenger-Mutant | -7/Factory Scavenger-Mutant | -7/Lower Caves Scavenger-Mutant | -7/Lower Caves Hacker-Mutant | -7/Zion Hacker-Gunner | -6/Proximity Caves Hacker-Gunner | -6/Factory Hacker-Gunner | -6/Garrison Hacker-Gunner | -6/Factory Hacker-Gunner | -6/Lower Caves Hacker-Mutant | -6/Data Miner Scavenger-Gunner | -5/Proximity Caves Scavenger-Gunner | -5/Factory Scavenger-Gunner | -5/Upper Caves Scavenger-Gunner | -5/Upper Caves Scavenger-Gunner | -5/Warlord Resources | -11 -10 -10 -9 -9 -9 -8 -8 -8 -8 -8 -8 -8 -7 -7 -7 -7 -6 -6 -6 -6 -6 -6 -5 -5 -5 -5 -5 ----------- Run | Jun Mat Min Mat Min Exi Min Mat Gar Mat Gar Mat Gar Fac Low Low Zio Pro Fac Gar Fac Low Dat Pro Fac Upp Upp War Matter Collected 13076 | 254 722 53 1826 455 465 910 1143 1680 577 1067 . 1276 798 138 516 40 140 90 94 182 16 47 136 70 95 24 262 Remotely 88 | . 88 . . . . . . . . . . . . . . . . . . . . . . . . . . Salvage Created 35313 | 217 1623 506 2940 1180 380 842 2760 1617 1038 1090 . 1716 1199 367 915 . 428 2647 1572 3323 537 264 933 2038 284 939 3958 Parts 1905 | 15 79 33 217 55 71 73 166 129 71 84 . 88 91 13 42 . 7 127 56 108 12 6 44 86 12 46 174 Haulers Intercepted 28 | . 2 . 6 . . . 4 . 4 . . . 3 . . . 1 3 . 3 . . . 2 . . . Recyclers Shooed 12 | . 4 . 3 . . . 3 . . . . . . . . . . . . 1 . . . 1 . . . Parts Field Recycled . | . . . . . . . . . . . . . . . . . . . . . . . . . . . . Retrieved Matter . | . . . . . . . . . . . . . . . . . . . . . . . . . . . . Parts Self-Destructed 183 | . . . . . . . . . . . . . . 13 42 3 11 . . . 10 . 44 . 15 45 . Prevented 1 | . . . . . . . . . . . . . . . . . 1 . . . . . . . . . . Kills | -11 -10 -10 -9 -9 -9 -8 -8 -8 -8 -8 -8 -8 -7 -7 -7 -7 -6 -6 -6 -6 -6 -6 -5 -5 -5 -5 -5 ------- Run | Jun Mat Min Mat Min Exi Min Mat Gar Mat Gar Mat Gar Fac Low Low Zio Pro Fac Gar Fac Low Dat Pro Fac Upp Upp War Combat Hostiles Destroyed 576 | . 19 4 57 17 3 14 41 39 14 26 . 30 18 8 14 . 4 41 35 34 6 4 29 28 6 23 62 Guns 487 | . 18 4 45 17 2 14 41 39 14 26 . 30 13 5 14 . 4 36 34 34 6 2 29 28 6 23 3 Cannons 8 | . . . 8 . . . . . . . . . . . . . . . . . . . . . . . . AOE 71 | . 1 . 4 . 1 . . . . . . . 5 3 . . . 3 . . . . . . . . 54 Classes Destroyed 32 | 3 5 . 5 2 1 1 3 2 . 1 . . . . . . 1 . . . 1 . . . 1 . 6 Worker 31 | 2 3 1 1 1 . 2 3 . 2 . . . 3 . . . . 8 . 1 . . . 4 . . . Builder 34 | . 3 . 5 . . 4 3 . 1 . . . 4 . . . . 11 . . . . . 3 . . . Tunneler 12 | 5 1 1 . 2 . 2 . . 1 . . . . . . . . . . . . . . . . . . Hauler 28 | . 2 . 6 . . . 4 . 4 . . . 3 . . . 1 3 . 3 . . . 2 . . . Recycler 39 | 1 7 6 2 5 . 1 3 . 2 . . . 1 . . . . 1 . 5 . . . 5 . . . Carrier 3 | . . . . . . . 1 1 . . . . . . . . . . . 1 . . . . . . . Mechanic 5 | . . . 2 . . . 1 . . . . . . . . . . 1 . . . . . . . . 1 Operator 14 | . 2 . 2 . . . 2 . . . . . 2 . . . . 2 . 2 . . . 2 . . . Turret 1 | . . . . . 1 . . . . . . . . . . . . . . . . . . . . . . Watcher 20 | . 3 . 4 . . . 4 1 3 . . . . . . . . 2 1 1 . . . 1 . . . Swarmer 127 | . . . 13 4 . 4 12 6 4 5 . 4 3 3 . . . 9 14 . . . 21 8 3 7 7 Saboteur 1 | . . . . . . . . . . . . . . . . . . . . . . . . . . . 1 Grunt 257 | . 19 4 30 10 . 8 21 17 7 9 . 13 7 4 11 . 4 22 11 14 6 . 5 7 1 10 17 Brawler 20 | . . . 4 1 . . 2 3 . . . 1 1 . 1 . . . . 5 . . . . . . 2 Duelist 16 | . . . 3 1 . . 1 2 . 1 . 1 2 . . . . 1 1 1 . . . . . 1 1 Protector 5 | . . . . . . . 1 . . . . . 2 . . . . . . 2 . . . . . . . Sentry 48 | . . . 7 . . . 2 4 2 3 . 5 1 . 1 . . 3 5 6 . . 2 3 1 3 . Specialist 7 | . . . . . . . . . . 4 . . . . . . . 2 . . . . . . . . 1 Hunter 24 | . . . . . . 1 1 . 1 1 . 1 . 1 . . . 1 2 3 . . . 2 . 2 8 Programmer 29 | . . . . . . . . 6 . 3 . 4 1 . . . . 1 2 3 . . . 8 1 . . Heavy 4 | . . . . . . . 1 . . . . . 1 . . . . 2 . . . . . . . . . Behemoth 4 | . . . . . . . . 1 . . . 1 . . 1 . . . . . . . 1 . . . . Enhanced Grunt 4 | . . . . . . . . . . . . . . . . . . . . . . 4 . . . . . Striker 4 | . . . . . . . . . . . . . . . . . . . . . . . . . . . 4 Executioner 3 | . . . . . . . . . . . . . . . . . . . . . . . . . . . 3 Zionite 9 | . . . . 1 8 . . . . . . . . . . . . . . . . . . . . . . Decomposer 1 | . . . . . . . . . . . . . . . . . . . . . 1 . . . . . . Samaritan 1 | . . . . . . . . . . . . . . . . . . . . . 1 . . . . . . Tinkerer 6 | . . . . . . . . . . . . . . . . . . . . . . . . . . . 6 Assembled 3 | . . . . 1 2 . . . . . . . . . . . . . . . . . . . . . . Surgeon 5 | . . . . . . . . . . . . . . . . . . . . . . . . . . . 5 Wasp 1 | . . . . . . . . . . . . . . . . . . . . . . . . . . . 1 Thug 8 | . . 3 1 1 . . . . . 1 . 1 . . . . . . . . . . . . . . 1 Savage 1 | . . . . . . . . . . . . . . . . . . . . . . . . . . . 1 Butcher 1 | . . . . . . . . . . . . . . . . . . . . . . . . . . . 1 Bouncer 1 | . . . . . . . . . . . . . . . . . . . . . . . . . . . 1 Martyr 2 | . . . . . . . . . . . . . . . . . . . . . . . . . 1 . 1 Wizard 6 | . . . . . . . . . . . . . . . . . . . . 1 . . . . . . 5 Fireman 1 | . . . . . . . . . . . . . . . . . 1 . . . . . . . . . . Mutant 7 | . . . . . . . . . . . . . . . . . . . . . . . . . . . 7 Commander 1 | . . . . . . . . . . . . . . . . . . . . . . . . . . . 1 Knight 1 | . . . . . . . . . . . . . . . . . . . . . . . . . . . 1 Best Kill Streak 27 | 4 5 2 9 5 5 10 16 5 15 8 . 4 7 4 4 . 2 18 13 16 3 4 12 9 3 10 27 Combat Bots Only 20 | . 3 2 9 4 2 10 9 5 12 8 . 4 5 4 4 . 2 6 13 11 3 4 12 7 3 10 20 Max Kills in Single Turn 9 | 1 1 1 3 2 2 2 2 3 2 2 . 2 3 3 2 . 2 7 2 2 1 1 2 3 1 2 9 Gunslinging 1 | . . . 1 1 . . 1 . . . . . . . 1 . . . . . . . . . . . . Exploded 9 | . 1 . 3 . 1 . . . . . . . 3 3 . . . 3 . . . . . . . . 9 Melee . | . . . . . . . . . . . . . . . . . . . . . . . . . . . . Uniques/NPCs Destroyed 5 | . . . . . 4 1 . . . . . . . . . . . . . . . . . . . . . 8R-AWN (-9/Exiles) EX-BIN (-9/Exiles) EX-DEC (-9/Exiles) EX-HEX (-9/Exiles) AD-0RF (-8/Mines) Combat | -11 -10 -10 -9 -9 -9 -8 -8 -8 -8 -8 -8 -8 -7 -7 -7 -7 -6 -6 -6 -6 -6 -6 -5 -5 -5 -5 -5 -------- Run | Jun Mat Min Mat Min Exi Min Mat Gar Mat Gar Mat Gar Fac Low Low Zio Pro Fac Gar Fac Low Dat Pro Fac Upp Upp War Damage Taken 15372 | . 550 408 2529 340 824 734 649 515 460 940 . 631 175 78 325 . 102 799 1040 484 148 17 266 393 140 194 2631 Core 10035 | . 444 333 1848 276 636 372 341 407 362 750 . 507 127 54 222 . 67 396 550 255 83 3 146 216 71 104 1465 Absorbed by Shields 3403 | . . . . . . . . 20 . . . 28 168 74 277 . . 174 308 253 143 16 246 370 62 213 1051 Redirected to Core 8486 | . 349 236 1489 208 554 349 314 372 316 638 . 421 113 44 204 . 46 329 488 223 83 3 138 198 71 104 1196 Redirected to Shielding 337 | . . . . . . 10 194 . . . . . . . . . . . . . . . . . 16 . 117 Core Remaining (%) 96 | 100 . 100 . . . 82 . . . . . 97 . . . . 100 . . . . . 99 . . . . Volleys Fired 1594 | 14 170 37 271 44 48 45 94 128 47 86 . 101 60 10 43 . 9 72 60 61 11 8 29 57 19 30 40 Largest 4 | 2 2 2 3 3 3 2 2 4 3 2 . 2 4 2 2 . 1 1 1 2 1 1 2 1 2 1 1 Hottest 300 | 60 90 108 108 98 85 60 60 142 85 60 . 60 236 60 60 . 250 250 250 285 250 250 285 250 285 250 300 Shots Fired 2751 | 28 304 74 499 132 78 90 188 254 96 172 . 202 119 19 86 . 9 73 60 66 11 8 36 57 20 30 40 Gun 2624 | 28 298 69 427 131 76 90 188 246 96 172 . 202 115 18 86 . 9 73 60 64 11 8 35 39 14 30 39 Cannon 113 | . . 5 70 1 . . . 8 . . . . 1 . . . . . . 2 . . 1 18 6 . 1 Launcher 14 | . 6 . 2 . 2 . . . . . . . 3 1 . . . . . . . . . . . . . Special . | . . . . . . . . . . . . . . . . . . . . . . . . . . . . Kinetic 2039 | 14 164 . 424 132 76 90 188 254 96 172 . 202 113 18 86 . . . . . . . 5 . . . 5 Thermal 417 | 14 . . . . . . . . . . . . 3 . . . 9 73 60 66 11 8 31 57 20 30 35 Explosive 14 | . 6 . 2 . 2 . . . . . . . 3 1 . . . . . . . . . . . . . Electromagnetic 281 | . 134 74 73 . . . . . . . . . . . . . . . . . . . . . . . . Robot Hit Streak 45 | 10 16 12 34 14 21 16 13 13 7 10 . 15 24 11 28 . 15 31 29 21 21 17 15 17 20 24 45 Robot Miss Streak 10 | 2 4 4 3 2 2 2 4 5 3 2 . 2 3 6 2 . 3 7 10 5 3 2 7 6 4 5 2 Penetration Max 2 | . . . . . 2 1 2 2 2 1 . 2 2 1 1 . . . . . . . 1 . . . . Secondary Targets 30 | . 4 1 9 1 . 1 4 . 3 1 . 3 . . 2 . . . . . . . 1 . . . . Max Gunslinging Chain 1 | . 1 1 1 1 . 1 1 . 1 1 . 1 . . 1 . . . . . . . 1 . . . . Shots Hit Robots 1603 | 17 136 46 318 73 69 64 110 98 51 55 . 85 69 14 69 . 7 56 43 59 11 8 30 39 12 27 37 Core Hits 1607 | 9 55 20 109 31 33 34 79 72 37 37 . 49 59 14 32 . 18 149 88 145 26 37 48 82 19 53 272 Critical Kills 166 | . 1 . . . 5 18 31 28 16 23 . 17 12 5 9 . . . . . . . 1 . . . . Critical Parts Destroyed 207 | . . . 2 . 8 22 34 26 20 21 . 36 16 2 19 . . . . . . . 1 . . . . Critical Strikes 383 | . 1 1 2 . 16 42 66 55 37 44 . 54 28 7 28 . . . . . . . 2 . . . . Destroy 380 | . 1 . 2 . 14 42 66 55 37 44 . 54 28 7 28 . . . . . . . 2 . . . . Corrupt 1 | . . 1 . . . . . . . . . . . . . . . . . . . . . . . . . Sever 2 | . . . . . 2 . . . . . . . . . . . . . . . . . . . . . . Melee Attacks 23 | . . . 6 . 16 . . . . . . . . . . 1 . . . . . . . . . . . Impact . | . . . . . . . . . . . . . . . . . . . . . . . . . . . . Slashing 22 | . . . 6 . 16 . . . . . . . . . . . . . . . . . . . . . . Piercing 1 | . . . . . . . . . . . . . . . . 1 . . . . . . . . . . . Sneak Attacks . | . . . . . . . . . . . . . . . . . . . . . . . . . . . . Combat Hostiles . | . . . . . . . . . . . . . . . . . . . . . . . . . . . . Follow-up Attacks 1 | . . . . . 1 . . . . . . . . . . . . . . . . . . . . . . Damage Inflicted 73969 | 175 2039 949 6153 1365 1599 1354 3091 2668 1588 1618 . 2516 2399 386 1410 . 694 6819 4600 6121 1227 795 2572 4348 1847 3245 12391 Guns 56994 | 175 1884 682 4853 1365 1116 1354 2996 2668 1511 1611 . 2516 1545 238 1410 . 694 5525 4600 6064 1227 795 2533 4028 1803 3245 556 Cannons 1136 | . . 78 802 . . . . . . . . . . . . . . . . 57 . . 39 116 44 . . Explosions 15438 | . 155 189 496 . 91 . 95 . 77 . . . 854 148 . . . 1294 . . . . . 204 . . 11835 Melee 392 | . . . . . 392 . . . . . . . . . . . . . . . . . . . . . . Ramming 9 | . . . 2 . . . . . . 7 . . . . . . . . . . . . . . . . . Kinetic 24142 | 54 876 . 4805 1365 1116 1354 2996 2668 1511 1611 . 2516 1487 238 1410 . . . . . . . 19 . . . 116 Thermal 44919 | 121 129 189 83 . . . 95 . . . . . 58 . . . 694 6743 4600 6121 1227 795 2553 4144 1847 3245 12275 Explosive 1708 | . . . 413 . 91 . . . . . . . 776 148 . . . 76 . . . . . 204 . . . Electromagnetic 2799 | . 1034 760 850 . . . . . 77 . . . 78 . . . . . . . . . . . . . . Impact . | . . . . . . . . . . . . . . . . . . . . . . . . . . . . Slashing 392 | . . . . . 392 . . . . . . . . . . . . . . . . . . . . . . Piercing . | . . . . . . . . . . . . . . . . . . . . . . . . . . . . Highest Corruption 9 | . . 1 4 4 4 . . 2 . . . 1 1 . . . . 1 1 2 2 2 2 1 2 2 9 Average Corruption 2 | . . 1 3 4 3 . . 1 . . . 1 1 . . . . 1 1 1 2 2 2 1 1 2 3 Corruption Purged 10 | . . . . . 4 . . 4 . . . 1 1 . . . . . . . . . . . . . . Corruption Blocked 8 | . . . . . . . . . . . . . . . . . . . . 8 . . . . . . . Effects 256 | . . 7 68 34 22 . . 1 . . . . 1 . . . . 5 8 15 11 7 26 5 17 18 11 Message Errors 56 | . . 2 10 10 5 . . . . . . . . . . . . 1 1 3 5 1 6 1 4 6 1 Matter Fused 58 | . . 2 14 6 7 . . . . . . . . . . . . 1 1 3 1 2 8 1 6 3 3 Heat Flow Errors 25 | . . 1 5 3 1 . . . . . . . 1 . . . . . 2 3 1 . 3 . 2 2 1 Energy Discharges 28 | . . 1 7 5 2 . . . . . . . . . . . . 1 . 1 2 3 2 1 . 2 1 Parts Rejected 7 | . . . 4 . 1 . . . . . . . . . . . . . . . 1 . . 1 . . . Parts Fused 2 | . . . 2 . . . . . . . . . . . . . . . . . . . . . . . . Data Loss (minor) 39 | . . . 12 6 4 . . 1 . . . . . . . . . . 2 1 1 1 3 1 1 2 4 Data Loss (major) 14 | . . 1 3 . 2 . . . . . . . . . . . . . 1 . . . 1 . 2 3 1 Misfires 16 | . . . 4 3 . . . . . . . . . . . . . 1 . 4 . . 3 . 1 . . Alerts 3 | . . . 1 . . . . . . . . . . . . . . 1 1 . . . . . . . . Weapon Failures 8 | . . . 6 1 . . . . . . . . . . . . . . . . . . . . 1 . . Overload Shots . | . . . . . . . . . . . . . . . . . . . . . . . . . . . . Overflow Damage 476 | . . 15 35 . . . 20 . . . . . . . . . . 202 . . . . 24 76 3 . 101 Projectiles 89 | . . . 14 . . . . . . . . . . . . . . . . . . . 24 48 3 . . Explosions 387 | . . 15 21 . . . 20 . . . . . . . . . . 202 . . . . . 28 . . 101 Melee . | . . . . . . . . . . . . . . . . . . . . . . . . . . . . Knockbacks . | . . . . . . . . . . . . . . . . . . . . . . . . . . . . Impact . | . . . . . . . . . . . . . . . . . . . . . . . . . . . . Kinetic . | . . . . . . . . . . . . . . . . . . . . . . . . . . . . Secondary . | . . . . . . . . . . . . . . . . . . . . . . . . . . . . Self-Inflicted Damage 773 | . 96 57 20 . . . . . . 3 . . 79 . . . . . . . . . . . . . 518 Shots 61 | . 3 2 1 . . . . . . . . . 3 . . . . . . . . . . . . . 52 Rammed 2 | . . . 1 . . . . . . 1 . . . . . . . . . . . . . . . . . Targets Rammed 2 | . . . 1 . . . . . . 1 . . . . . . . . . . . . . . . . . Kicked . | . . . . . . . . . . . . . . . . . . . . . . . . . . . . Crushed . | . . . . . . . . . . . . . . . . . . . . . . . . . . . . Highest Temperature 439 | 40 173 261 439 220 223 276 160 139 10 33 . 170 374 42 68 . 256 346 372 198 213 . 139 60 62 180 322 Average Temperature 61 | 21 50 69 67 52 21 65 54 39 3 9 . 58 79 19 30 . 91 63 104 54 28 . 24 16 18 30 135 Received Heat Transfer 4268 | . 255 183 873 84 . 678 279 126 198 432 . 192 33 28 128 . 44 252 132 122 56 . 54 35 44 24 16 Effects 18 | . . . 3 . . . . . . . . . 3 . . . . 3 3 . . . . . . . 6 Shutdowns 6 | . . . 1 . . . . . . . . . 1 . . . . 1 3 . . . . . . . . Energy Bleed 3 | . . . . . . . . . . . . . 1 . . . . 1 . . . . . . . . 1 Interference 5 | . . . . . . . . . . . . . 1 . . . . . . . . . . . . . 4 Matter Decay 1 | . . . . . . . . . . . . . . . . . . . . . . . . . . . 1 Short Circuit 1 | . . . 1 . . . . . . . . . . . . . . . . . . . . . . . . Damage (minor) 2 | . . . 1 . . . . . . . . . . . . . . 1 . . . . . . . . . Siege Activations . | . . . . . . . . . . . . . . . . . . . . . . . . . . . . Robots Corrupted 1 | . . 1 . . . . . . . . . . . . . . . . . . . . . . . . . Combat Hostiles . | . . . . . . . . . . . . . . . . . . . . . . . . . . . . Parts Fried 19 | . 8 4 6 . . . . . 1 . . . . . . . . . . . . . . . . . . Impact Corruptions . | . . . . . . . . . . . . . . . . . . . . . . . . . . . . Robots Melted 12 | . . . . . . . . . . . . . . . . . . 2 1 1 . 2 . . . . 6 Combat Hostiles 10 | . . . . . . . . . . . . . . . . . . 2 1 . . 2 . . . . 5 Parts Melted 155 | . . . . . . . . . . . . 1 . . . . 1 26 16 23 5 15 4 9 5 15 35 Heat Transferred 55078 | 275 100 350 150 . . . 50 . . . . . 74 . . . 1025 8985 5388 7866 1775 1750 2850 4463 1976 3675 14326 Parts Sabotaged . | . . . . . . . . . . . . . . . . . . . . . . . . . . . . Parts Stolen . | . . . . . . . . . . . . . . . . . . . . . . . . . . . . Parts Stripped . | . . . . . . . . . . . . . . . . . . . . . . . . . . . . Power Chain Reactions 9 | . 3 4 1 . . . . . 1 . . . . . . . . . . . . . . . . . . Missiles Intercepted . | . . . . . . . . . . . . . . . . . . . . . . . . . . . . Alert | -11 -10 -10 -9 -9 -9 -8 -8 -8 -8 -8 -8 -8 -7 -7 -7 -7 -6 -6 -6 -6 -6 -6 -5 -5 -5 -5 -5 ------- Run | Jun Mat Min Mat Min Exi Min Mat Gar Mat Gar Mat Gar Fac Low Low Zio Pro Fac Gar Fac Low Dat Pro Fac Upp Upp War Peak Influence 2745 | 40 555 382 1608 960 . 350 874 2335 1318 2019 984 1981 1500 . . . . 1733 2745 2180 . . . 1430 . . . Initial 1440 | . 26 200 . 625 . . 81 566 1138 617 984 547 1039 . . . . 39 1213 1440 . . . 81 . . . Average 939 | 21 310 184 687 760 . 242 633 1525 913 1441 877 1338 1134 . . . . 720 2092 1723 . . . 658 . . . Maximum Alert Level 5 | . 2 1 5 3 . 1 3 5 4 5 3 5 4 . . . . 5 5 5 . . . 4 . . . Low Security (%) 13 | 100 33 59 15 . . 30 9 . . . . . . . . . . 15 . . . . . 7 . . . Level 1 13 | . 31 40 18 . . 69 8 . 2 . . . . . . . . 6 . . . . . 32 . . . Level 2 13 | . 34 . 22 21 . . 33 8 25 3 . 6 . . . . . 13 . . . . . 15 . . . Level 3 23 | . . . 20 78 . . 47 22 33 23 100 28 61 . . . . 43 . . . . . 29 . . . Level 4 16 | . . . 15 . . . . 19 38 24 . 27 38 . . . . 16 21 37 . . . 14 . . . Level 5 18 | . . . 7 . . . . 49 . 48 . 37 . . . . . 3 78 47 . . . . . . . High Security 1 | . . . . . . . . . . . . . . . . . . . . 15 . . . . . . . Max Security . | . . . . . . . . . . . . . . . . . . . . . . . . . . . . Sterilizations 1 | . . . 1 . . . . . . . . . . . . . . . . . . . . . . . . Squads Dispatched 93 | . 5 1 17 1 . 1 8 . 4 . . . 7 . . . . 15 . 24 . . . 10 . . . Investigation 27 | . 4 1 8 1 . . 4 . 1 . . . 2 . . . . 3 . 2 . . . 1 . . . Extermination 8 | . . . . . . . . . . . . . 1 . . . . 2 . 1 . . . 4 . . . Reinforcement 25 | . 1 . 4 . . 1 2 . 2 . . . 1 . . . . 7 . 3 . . . 4 . . . Assault 24 | . . . 5 . . . 1 . . . . . 3 . . . . 2 . 12 . . . 1 . . . Garrison 9 | . . . . . . . 1 . 1 . . . . . . . . 1 . 6 . . . . . . . Intercept . | . . . . . . . . . . . . . . . . . . . . . . . . . . . . Searches Triggered . | . . . . . . . . . . . . . . . . . . . . . . . . . . . . Construction Impeded 7 | . . . 2 . . 1 . . 1 . . . . . . . . 1 . . . . . 2 . . . Haulers Reinforced 5 | . . . . . . . . . . . . . . . . . . 2 . 2 . . . 1 . . . Active Scanning Responses . | . . . . . . . . . . . . . . . . . . . . . . . . . . . . Cargo Convoy Interrupts . | . . . . . . . . . . . . . . . . . . . . . . . . . . . . Stealth | -11 -10 -10 -9 -9 -9 -8 -8 -8 -8 -8 -8 -8 -7 -7 -7 -7 -6 -6 -6 -6 -6 -6 -5 -5 -5 -5 -5 --------- Run | Jun Mat Min Mat Min Exi Min Mat Gar Mat Gar Mat Gar Fac Low Low Zio Pro Fac Gar Fac Low Dat Pro Fac Upp Upp War Distress Signals 11 | . 1 . 1 . . . 1 1 4 . . . . . . . . . . 1 . . . 2 . . . Communications Jammed 5 | . . . . . . . . . . . . . 5 . . . . . . . . . . . . . . Distress Signals 5 | . . . . . . . . . . . . . 5 . . . . . . . . . . . . . . Times Spotted 747 | . 32 3 87 16 22 15 47 39 22 29 . 28 22 7 14 . 8 58 49 45 6 4 29 45 12 23 85 Peak Tracking Total 25 | . 3 2 9 4 10 7 6 5 5 4 . 4 6 4 4 . 4 5 12 10 3 4 7 5 4 10 25 Tactical Retreats 59 | . 2 . 4 . 4 1 2 7 1 10 . 3 3 . . . . 7 7 5 . . 1 1 . 1 . Traps | -11 -10 -10 -9 -9 -9 -8 -8 -8 -8 -8 -8 -8 -7 -7 -7 -7 -6 -6 -6 -6 -6 -6 -5 -5 -5 -5 -5 ------- Run | Jun Mat Min Mat Min Exi Min Mat Gar Mat Gar Mat Gar Fac Low Low Zio Pro Fac Gar Fac Low Dat Pro Fac Upp Upp War Traps Triggered 19 | . . . 2 . . . . 3 . 7 . 3 1 . . . . . 2 1 . . . . . . . Indirectly 1 | . . . . . . . . . . . . . 1 . . . . . . . . . . . . . . Trap Hack Attempts . | . . . . . . . . . . . . . . . . . . . . . . . . . . . . Triggered . | . . . . . . . . . . . . . . . . . . . . . . . . . . . . Disarmed . | . . . . . . . . . . . . . . . . . . . . . . . . . . . . Reprogrammed 16 | . 8 . . . . . 8 . . . . . . . . . . . . . . . . . . . . Reused 6 | . . . . . . . 1 . . . . . . . . . . . . 5 . . . . . . . Traps Extracted . | . . . . . . . . . . . . . . . . . . . . . . . . . . . . Installed 7 | . . . . . . . . . . . . . . . . . . . . 7 . . . . . . . Triggered 29 | . . . 1 1 . . 1 . . . . . . . . . 1 . . 6 . . . . 1 . 18 Most Traps Carried 1 | . . . . . . . . . . . . . . . . . . . . 1 . . . . . . . Exploded 3 | . . . . . 3 . . . . . . . . . . . . . . . . . . . . . . Machines | -11 -10 -10 -9 -9 -9 -8 -8 -8 -8 -8 -8 -8 -7 -7 -7 -7 -6 -6 -6 -6 -6 -6 -5 -5 -5 -5 -5 ---------- Run | Jun Mat Min Mat Min Exi Min Mat Gar Mat Gar Mat Gar Fac Low Low Zio Pro Fac Gar Fac Low Dat Pro Fac Upp Upp War Machines Disabled 203 | . 22 4 45 2 13 . 10 17 6 10 . 12 12 . . . . 21 5 1 . . 2 18 . 2 1 Max in Single Turn 6 | . 3 1 4 1 2 . 2 2 2 1 . 2 2 . . . . 6 1 . . . 1 5 . 1 1 Garrison Access 1 | . . . . . . . . . . . . . . . . . . . . 1 . . . . . . . Garrison Relay 21 | . . . . . . . . 6 . 5 . 6 . . . . . . 4 . . . . . . . . Machines Repaired 2 | . 1 . 1 . . . . . . . . . . . . . . . . . . . . . . . . Machines Sabotaged . | . . . . . . . . . . . . . . . . . . . . . . . . . . . . Overloaded Fab Kills . | . . . . . . . . . . . . . . . . . . . . . . . . . . . . Hacking | -11 -10 -10 -9 -9 -9 -8 -8 -8 -8 -8 -8 -8 -7 -7 -7 -7 -6 -6 -6 -6 -6 -6 -5 -5 -5 -5 -5 --------- Run | Jun Mat Min Mat Min Exi Min Mat Gar Mat Gar Mat Gar Fac Low Low Zio Pro Fac Gar Fac Low Dat Pro Fac Upp Upp War Machines Accessed 83 | . 8 3 13 1 . . 7 3 6 4 2 4 10 . 1 1 . 2 1 6 . 4 1 1 1 1 3 Terminals 48 | . 6 1 10 . . . 6 3 4 4 1 4 5 . . . . . 1 1 . . 1 . . 1 . Fabricators 5 | . . . . . . . . . . . . . 3 . . . . . . 1 . . . 1 . . . Repair Stations . | . . . . . . . . . . . . . . . . . . . . . . . . . . . . Recycling Units 9 | . 2 . 2 . . . . . 1 . . . 2 . . . . . . 2 . . . . . . . Scanalyzers 3 | . . . 1 . . . . . . . . . . . . . . 1 . 1 . . . . . . . Garrison Access 5 | . . . . . . . 1 . 1 . 1 . . . . . . 1 . 1 . . . . . . . Total Hacks 359 | . 40 6 79 1 . . 35 9 36 12 9 13 32 . 1 6 . 6 1 18 . 31 7 2 1 7 7 Successful 237 | . 25 3 61 1 . . 16 4 23 7 5 5 14 . 1 6 . 5 1 7 . 31 7 . 1 7 7 Failed 120 | . 14 3 18 . . . 19 5 12 5 4 8 18 . . . . 1 . 11 . . . 2 . . . Catastrophic 12 | . 1 1 1 . . . 3 1 . 1 . . 3 . . . . . . . . . . 1 . . . Database Lockouts 2 | . 1 . . . . . . . 1 . . . . . . . . . . . . . . . . . . Manual 204 | . 20 2 40 . 1 . 20 4 12 7 7 1 16 . . . . 20 6 25 . . . 23 . . . Terminals 234 | . 32 4 62 . . . 34 9 31 12 8 13 12 . . . . . 1 2 . . 7 . . 7 . Fabricators 17 | . . . . . . . . . . . . . 12 . . . . . . 3 . . . 2 . . . Repair Stations . | . . . . . . . . . . . . . . . . . . . . . . . . . . . . Recycling Units 39 | . 8 . 12 . . . . . 4 . . . 8 . . . . . . 7 . . . . . . . Scanalyzers 13 | . . . 5 . . . . . . . . . . . . . . 4 . 4 . . . . . . . Garrison Access 7 | . . . . . . . 1 . 1 . 1 . . . . . . 2 . 2 . . . . . . . Terminal Hacks 163 | . 16 3 34 1 . . 13 3 17 4 3 4 3 . 1 6 . . 1 1 . 31 7 . 1 7 7 Record 38 | . . . 5 . . . . . 2 . . . . . . . . . . . . 11 7 . . 7 6 Part Schematic 17 | . . . . . . . . . . . . . . . . 6 . . . . . 11 . . . . . Robot Schematic 6 | . . . . . . . . . . . . . . . . . . . . . . 6 . . . . . Robot Analysis 10 | . 3 . 6 . . . 1 . . . . . . . . . . . . . . . . . . . . Prototype ID Bank 16 | . 5 . 4 . . . 1 . 2 . . . 1 . . . . . . . . 3 . . . . . Open Door 10 | . . 2 . 1 . . . 1 . 1 . 1 . . 1 . . . 1 . . . . . 1 . 1 Open DSF 1 | . . . . . . . . . . . . . . . . . . . . 1 . . . . . . . Level Access Points 1 | . 1 . . . . . . . . . . . . . . . . . . . . . . . . . . Branch Access Points 3 | . . . 2 . . . . . . . . . 1 . . . . . . . . . . . . . . Emergency Access Points 7 | . . . 1 . . . 2 1 1 1 . 1 . . . . . . . . . . . . . . . Machine Index 1 | . . . . . . . 1 . . . . . . . . . . . . . . . . . . . . Terminal Index 1 | . . . 1 . . . . . . . . . . . . . . . . . . . . . . . . Repair Station Index 1 | . . . 1 . . . . . . . . . . . . . . . . . . . . . . . . Garrison Index 2 | . . . . . . . . . 1 . 1 . . . . . . . . . . . . . . . . Alert Level 1 | . . . . . . . . . 1 . . . . . . . . . . . . . . . . . . Unreport Threat 15 | . 1 . 4 . . . 3 . 6 . 1 . . . . . . . . . . . . . . . . Reprogram Traps 6 | . 2 . 1 . . . 2 . 1 . . . . . . . . . . . . . . . . . . Dispatch Records 2 | . . 1 1 . . . . . . . . . . . . . . . . . . . . . . . . Maintenance Status 1 | . . . 1 . . . . . . . . . . . . . . . . . . . . . . . . Investigation Status 1 | . . . 1 . . . . . . . . . . . . . . . . . . . . . . . . Recall Investigation 1 | . . . 1 . . . . . . . . . . . . . . . . . . . . . . . . Hauler Manifests 3 | . 1 . 1 . . . . . 1 . . . . . . . . . . . . . . . . . . Registered Components 3 | . 1 . 1 . . . 1 . . . . . . . . . . . . . . . . . . . . Registered Prototypes 1 | . . . . . . . . . 1 . . . . . . . . . . . . . . . . . . Zone Layout 10 | . 2 . 3 . . . 2 . 1 . 1 . 1 . . . . . . . . . . . . . . Garrison Registry 3 | . . . . . . . . 1 . 1 . 1 . . . . . . . . . . . . . . . Patrol Navigation 2 | . . . . . . . . . . 1 . 1 . . . . . . . . . . . . . . . Fabricator Hacks 4 | . . . . . . . . . . . . . 4 . . . . . . . . . . . . . . Network Status 3 | . . . . . . . . . . . . . 3 . . . . . . . . . . . . . . Build 1 | . . . . . . . . . . . . . 1 . . . . . . . . . . . . . . Repair Station Hacks . | . . . . . . . . . . . . . . . . . . . . . . . . . . . . Recycling Unit Hacks 8 | . 1 . 3 . . . . . . . . . 2 . . . . . . 2 . . . . . . . Report Inventory 7 | . 1 . 2 . . . . . . . . . 2 . . . . . . 2 . . . . . . . Retrieve Matter 1 | . . . 1 . . . . . . . . . . . . . . . . . . . . . . . . Scanalyzer 11 | . . . 5 . . . . . . . . . . . . . . 4 . 2 . . . . . . . Insert Component 6 | . . . 3 . . . . . . . . . . . . . . 2 . 1 . . . . . . . Analyze 5 | . . . 2 . . . . . . . . . . . . . . 2 . 1 . . . . . . . Garrison Access Hacks 5 | . . . . . . . 1 . 1 . 1 . . . . . . 1 . 1 . . . . . . . Unlock Access 4 | . . . . . . . 1 . 1 . 1 . . . . . . 1 . . . . . . . . . Seal Access 1 | . . . . . . . . . . . . . . . . . . . . 1 . . . . . . . Unauthorized Hacks 46 | . 8 . 19 . . . 2 1 5 3 1 1 5 . . . . . . 1 . . . . . . . Terminals 25 | . 3 . 12 . . . 2 1 2 3 1 1 . . . . . . . . . . . . . . . Botnet 13 | . 2 . 5 . . . 2 . 2 1 1 . . . . . . . . . . . . . . . . Detonate 1 | . . . 1 . . . . . . . . . . . . . . . . . . . . . . . . Disrupt 1 | . . . 1 . . . . . . . . . . . . . . . . . . . . . . . . Sabotage 2 | . 1 . 1 . . . . . . . . . . . . . . . . . . . . . . . . Search 4 | . . . 4 . . . . . . . . . . . . . . . . . . . . . . . . Override 4 | . . . . . . . . 1 . 2 . 1 . . . . . . . . . . . . . . . Fabricators 3 | . . . . . . . . . . . . . 3 . . . . . . . . . . . . . . Report 1 | . . . . . . . . . . . . . 1 . . . . . . . . . . . . . . Fabnet 2 | . . . . . . . . . . . . . 2 . . . . . . . . . . . . . . Repair Stations . | . . . . . . . . . . . . . . . . . . . . . . . . . . . . Recycling Units 18 | . 5 . 7 . . . . . 3 . . . 2 . . . . . . 1 . . . . . . . Monitor 2 | . 1 . 1 . . . . . . . . . . . . . . . . . . . . . . . . Reject 5 | . 1 . 2 . . . . . 1 . . . 1 . . . . . . . . . . . . . . Mask 6 | . 1 . 2 . . . . . 1 . . . 1 . . . . . . 1 . . . . . . . Tunnel 5 | . 2 . 2 . . . . . 1 . . . . . . . . . . . . . . . . . . Scanalyzers . | . . . . . . . . . . . . . . . . . . . . . . . . . . . . Garrison Access . | . . . . . . . . . . . . . . . . . . . . . . . . . . . . Data Cores Recovered 3 | . . . . . . . 1 . . . . . 1 . . . . . . 1 . . . . . . . Used . | . . . . . . . . . . . . . . . . . . . . . . . . . . . . Hacking Detections 52 | . 7 1 11 . . . 7 2 4 3 1 2 7 . . . . 2 . 3 . . . 1 . 1 . Full Trace Events 18 | . 3 1 3 . . . 5 1 . . . 1 2 . . . . 1 . 1 . . . . . . . Feedback Events 2 | . . 1 . . . . . . . . . . 1 . . . . . . . . . . . . . . Corruption 2 | . . 1 . . . . . . . . . . 1 . . . . . . . . . . . . . . Feedback Blocked . | . . . . . . . . . . . . . . . . . . . . . . . . . . . . Robot Schematics Acquired 10 | . . . . . . . . . . . . . . . . 4 . . . . . 6 . . . . . Robots Built . | . . . . . . . . . . . . . . . . . . . . . . . . . . . . Authchips . | . . . . . . . . . . . . . . . . . . . . . . . . . . . . Time . | . . . . . . . . . . . . . . . . . . . . . . . . . . . . Total Robot Build Rating . | . . . . . . . . . . . . . . . . . . . . . . . . . . . . Part Schematics Acquired 48 | . . . 2 . . . . . . . . . . . . 21 . 2 11 1 . 11 . . . . . Parts Built 2 | . . . . . . . . . . . . . 2 . . . . . . . . . . . . . . Authchips . | . . . . . . . . . . . . . . . . . . . . . . . . . . . . Time 39 | . . . . . . . . . . . . . 39 . . . . . . . . . . . . . . Total Part Build Rating 14 | . . . . . . . . . . . . . 14 . . . . . . . . . . . . . . Parts Repaired . | . . . . . . . . . . . . . . . . . . . . . . . . . . . . Time . | . . . . . . . . . . . . . . . . . . . . . . . . . . . . Parts Recycled . | . . . . . . . . . . . . . . . . . . . . . . . . . . . . Recycled Matter . | . . . . . . . . . . . . . . . . . . . . . . . . . . . . Retrieved Matter 240 | . . . 240 . . . . . . . . . . . . . . . . . . . . . . . . Retrieved Components . | . . . . . . . . . . . . . . . . . . . . . . . . . . . . Parts Scanalyzed 5 | . . . 2 . . . . . . . . . . . . . . 2 . 1 . . . . . . . Part Schematics Acquired 5 | . . . 2 . . . . . . . . . . . . . . 2 . 1 . . . . . . . Parts Damaged . | . . . . . . . . . . . . . . . . . . . . . . . . . . . . Bothacking | -11 -10 -10 -9 -9 -9 -8 -8 -8 -8 -8 -8 -8 -7 -7 -7 -7 -6 -6 -6 -6 -6 -6 -5 -5 -5 -5 -5 ------------ Run | Jun Mat Min Mat Min Exi Min Mat Gar Mat Gar Mat Gar Fac Low Low Zio Pro Fac Gar Fac Low Dat Pro Fac Upp Upp War Used RIF Installer . | . . . . . . . . . . . . . . . . . . . . . . . . . . . . Robots Hacked 17 | . . . . . . . . . . . . . . . . . 2 4 . 3 2 . 1 1 . . 4 Non-combat . | . . . . . . . . . . . . . . . . . . . . . . . . . . . . Combat 17 | . . . . . . . . . . . . . . . . . 2 4 . 3 2 . 1 1 . . 4 Robot Hacks Applied . | . . . . . . . . . . . . . . . . . . . . . . . . . . . . Relay Couplers Released 38 | . . . . . . . . 12 . 9 . 10 . . . . . . 7 . . . . . . . . Machine Destruction 36 | . . . . . . . . 10 . 9 . 10 . . . . . . 7 . . . . . . . . Programmers 2 | . . . . . . . . 2 . . . . . . . . . . . . . . . . . . . Fabnet Peak Effective % 6 | . . . . . . . . . . . . . . . . . 6 6 6 6 6 6 2 2 2 2 2 Autooverrided 17 | . . . . . . . . . . . . . . . . . 2 4 . 3 2 . 1 1 . . 4 Robots Rewired 8 | . . . . . . . . 5 . . . 2 . . . . 1 . . . . . . . . . . Allies Hacked . | . . . . . . . . . . . . . . . . . . . . . . . . . . . . Hacks Repelled . | . . . . . . . . . . . . . . . . . . . . . . . . . . . . Allies | -11 -10 -10 -9 -9 -9 -8 -8 -8 -8 -8 -8 -8 -7 -7 -7 -7 -6 -6 -6 -6 -6 -6 -5 -5 -5 -5 -5 -------- Run | Jun Mat Min Mat Min Exi Min Mat Gar Mat Gar Mat Gar Fac Low Low Zio Pro Fac Gar Fac Low Dat Pro Fac Upp Upp War Total Allies 56 | . . 4 . 2 . . . 7 . 1 . 2 . . . 8 3 7 4 6 2 . 1 5 . . 4 Largest Group 9 | . . 3 3 2 . . . 5 5 1 1 2 . . . 8 9 6 2 2 1 . 1 4 2 . . Highest-Rated Group 331 | . . 40 40 41 . . . 80 80 31 31 70 . . . 284 331 228 124 124 29 . 29 240 120 . . Highest-Rated Ally 85 | . . 31 16 31 . . . 31 16 31 31 39 . . . 41 47 46 62 62 29 . 29 85 85 . . Zionite Dispatches 6 | . . . . . . . . . . . . . . . . . . 2 . 2 . . . 2 . . . Heavy 1 | . . . . . . . . . . . . . . . . . . . . . . . . 1 . . . Recon 1 | . . . . . . . . . . . . . . . . . . 1 . . . . . . . . . Fire 1 | . . . . . . . . . . . . . . . . . . 1 . . . . . . . . . Hacker 1 | . . . . . . . . . . . . . . . . . . . . 1 . . . . . . . Demo 1 | . . . . . . . . . . . . . . . . . . . . . . . . 1 . . . Trap Resupply 1 | . . . . . . . . . . . . . . . . . . . . 1 . . . . . . . Total Orders 2 | . . . . . . . . . . . . . . . . . . 1 . 1 . . . . . . . DROP 1 | . . . . . . . . . . . . . . . . . . . . 1 . . . . . . . EXPLORE 1 | . . . . . . . . . . . . . . . . . . 1 . . . . . . . . . Ally Attacks 293 | . . . 15 . . . . 8 22 1 . 26 . . . . 37 75 26 31 4 . 4 30 11 . 3 Total Damage 7566 | . . . 193 . . . . 196 258 22 . 431 . . . . 764 1384 600 1111 59 . 57 1790 601 . 100 Kills 65 | . . . 1 . . . . 1 5 1 . 3 . . . . 4 14 8 3 1 . 1 16 6 . 1 Allies Corrupted 3 | . . . 1 . . . . . . . . . . . . . . . . 1 . . . 1 . . . Allies Melted 5 | . . . . . . . . . . . . . . . . . 3 . . 1 . . . . . . 1 Intel | -11 -10 -10 -9 -9 -9 -8 -8 -8 -8 -8 -8 -8 -7 -7 -7 -7 -6 -6 -6 -6 -6 -6 -5 -5 -5 -5 -5 ------- Run | Jun Mat Min Mat Min Exi Min Mat Gar Mat Gar Mat Gar Fac Low Low Zio Pro Fac Gar Fac Low Dat Pro Fac Upp Upp War Robot Analysis Total 9 | . 2 . 6 . . . 1 . . . . . . . . . . . . . . . . . . . . Derelict Logs Recovered 11 | . . 2 . 2 . . . . . . . . . 2 1 1 1 . . . 1 . 1 . . . . Drone Launches 2 | . . . . . . . . . . . . . . . . . . 2 . . . . . . . . . Drone Recoveries . | . . . . . . . . . . . . . . . . . . . . . . . . . . . . Decoded 0b10 Intel 91 | . . . . . . . . . . . . . . . . . . 25 20 33 . . . 13 . . . Traps 81 | . . . . . . . . . . . . . . . . . . 24 15 29 . . . 13 . . . Emergency Access 5 | . . . . . . . . . . . . . . . . . . . 4 1 . . . . . . . Garrisons 3 | . . . . . . . . . . . . . . . . . . . . 3 . . . . . . . Exits 2 | . . . . . . . . . . . . . . . . . . 1 1 . . . . . . . . Zionite Intel Received 12 | . . . . . . . . . . . . . . . . . . 4 1 3 . . . 4 . . . Branch Access 2 | . . . . . . . . . . . . . . . . . . 1 . . . . . 1 . . . Emergency Access 2 | . . . . . . . . . . . . . . . . . . 1 . 1 . . . . . . . Component Stockpiles 1 | . . . . . . . . . . . . . . . . . . 1 . . . . . . . . . Prototype Stockpiles 1 | . . . . . . . . . . . . . . . . . . . . 1 . . . . . . . Prototype Schematics 1 | . . . . . . . . . . . . . . . . . . . 1 . . . . . . . . Unaware Analyses 1 | . . . . . . . . . . . . . . . . . . . . . . . . 1 . . . Active Terminals 1 | . . . . . . . . . . . . . . . . . . . . . . . . 1 . . . Depthwide Sectors/0 1 | . . . . . . . . . . . . . . . . . . 1 . . . . . . . . . Depthwide Sectors/-1 2 | . . . . . . . . . . . . . . . . . . . . 1 . . . 1 . . . Exploration | -11 -10 -10 -9 -9 -9 -8 -8 -8 -8 -8 -8 -8 -7 -7 -7 -7 -6 -6 -6 -6 -6 -6 -5 -5 -5 -5 -5 ------------- Run | Jun Mat Min Mat Min Exi Min Mat Gar Mat Gar Mat Gar Fac Low Low Zio Pro Fac Gar Fac Low Dat Pro Fac Upp Upp War Turns Passed 36855 | 126 2599 1267 3804 1359 1214 533 694 1474 313 1415 32 1355 1248 503 2045 2130 1412 1582 1441 1469 711 335 1810 1135 1792 1900 1157 Spaces Moved 19462 | 19 1203 618 1550 814 867 151 348 680 134 766 23 761 651 307 1301 1431 886 681 687 699 397 184 1058 535 1076 1076 559 Core 7 | . 3 . 3 1 . . . . . . . . . . . . . . . . . . . . . . . Treads 3194 | . 583 618 1547 446 . . . . . . . . . . . . . . . . . . . . . . . Legs 18 | 18 . . . . . . . . . . . . . . . . . . . . . . . . . . . Wheels 16243 | 1 617 . . 367 867 151 348 680 134 766 23 761 651 307 1301 1431 886 681 687 699 397 184 1058 535 1076 1076 559 Hover . | . . . . . . . . . . . . . . . . . . . . . . . . . . . . Flight . | . . . . . . . . . . . . . . . . . . . . . . . . . . . . Fastest Speed 90 | 100 90 160 160 100 100 115 115 115 130 130 130 130 130 145 145 130 130 130 145 145 160 145 145 145 145 160 145 Average Speed 144 | 118 129 160 162 140 106 119 115 121 130 130 130 130 140 145 145 143 144 144 147 154 160 145 155 159 159 160 159 Slowest Speed 500 | 120 250 160 300 500 130 130 130 130 130 130 130 130 145 145 145 160 145 145 160 160 160 160 160 160 160 160 160 Overloaded Moves . | . . . . . . . . . . . . . . . . . . . . . . . . . . . . Propulsion Burnouts . | . . . . . . . . . . . . . . . . . . . . . . . . . . . . Robots Hopped . | . . . . . . . . . . . . . . . . . . . . . . . . . . . . Cave-ins Triggered . | . . . . . . . . . . . . . . . . . . . . . . . . . . . . Exploration Rate (%) 65 | 3 97 97 97 97 86 22 41 81 22 90 4 82 24 56 98 90 97 28 87 29 51 77 98 26 98 96 71 Regions Visited 27 Branch Regions 14 Pre-discovered Areas 33 | . 2 1 2 1 . . . . 1 . . . . 3 . 2 . 6 . 5 . 1 . 8 . 1 . Known Exits Taken 10 | . . 1 1 . . . 1 . 1 . 1 . 1 . . . . 1 . 1 . . 1 1 . . . Unknown Exits Taken 13 | 1 1 . . 1 1 1 . . . . . . . 1 1 1 1 . . . 1 1 . . 1 1 . Scrap Searched 24 | . . 2 . 1 . . . . . . . . . 2 2 2 2 . . . 4 . 4 . 2 3 . Spaces Dug 132 | . . . 1 . . . 1 5 60 9 . 4 39 . . . . . . . . . . 9 4 . . Terrain Destroyed 1299 | . 125 39 297 11 22 56 103 44 97 57 . 42 74 18 22 . . 151 . . . . . 77 5 . 59 Melee 1 | . . . 1 . . . . . . . . . . . . . . . . . . . . . . . . Projectile 331 | . . . . 1 2 55 65 34 43 54 . 36 5 . 18 . . . . . . . . 12 5 . 1 AOE 931 | . 125 39 296 10 20 . 35 . 53 . . . 62 17 . . . 151 . . . . . 65 . . 58 Terrain Rammed . | . . . . . . . . . . . . . . . . . . . . . . . . . . . . Walls Destroyed . | . . . . . . . . . . . . . . . . . . . . . . . . . . . . Machines Disabled . | . . . . . . . . . . . . . . . . . . . . . . . . . . . . Actions | -11 -10 -10 -9 -9 -9 -8 -8 -8 -8 -8 -8 -8 -7 -7 -7 -7 -6 -6 -6 -6 -6 -6 -5 -5 -5 -5 -5 --------- Run | Jun Mat Min Mat Min Exi Min Mat Gar Mat Gar Mat Gar Fac Low Low Zio Pro Fac Gar Fac Low Dat Pro Fac Upp Upp War Total 25640 | 95 1948 824 2415 980 1101 426 524 1173 214 1077 25 1001 906 352 1406 1512 988 1058 969 971 450 237 1163 727 1123 1196 779 Wait 3147 | 58 505 132 429 76 67 176 21 222 11 130 2 80 175 28 46 28 55 250 181 114 26 24 45 100 8 70 88 Move 19435 | 18 1202 617 1549 813 866 150 348 679 134 765 23 758 650 306 1300 1430 885 681 684 698 396 183 1057 534 1075 1075 559 Hop . | . . . . . . . . . . . . . . . . . . . . . . . . . . . . Pick Up 115 | . 4 5 11 5 24 . 4 . . . . . . . . 17 2 1 1 14 . 7 3 1 1 3 12 Fast Attach 140 | 4 16 2 16 3 12 13 2 12 1 1 . 4 6 1 . 2 6 6 1 7 1 1 3 5 4 . 11 Attach 53 | . . 2 2 2 11 . 4 3 . . . . . . . 10 . 1 3 6 . 3 . . . . 6 Detach 33 | . 1 . 2 1 9 3 1 3 . . . . 1 . . 5 1 . . 2 . . . 1 . . 3 Swap 38 | . 6 . 8 2 4 1 . 1 . . . . . . . . . 2 4 3 . 1 . 2 1 . 3 Drop 213 | 1 16 6 16 8 33 10 4 10 1 1 . 4 4 1 . 19 8 5 2 19 . 7 6 4 5 3 20 Fire 1594 | 14 170 37 271 44 48 45 94 128 47 86 . 101 60 10 43 . 9 72 60 61 11 8 29 57 19 30 40 Melee 22 | . . . 6 . 15 . . . . . . . . . . 1 . . . . . . . . . . . Ram 1 | . . . . . . . . . . 1 . . . . . . . . . . . . . . . . . Kick . | . . . . . . . . . . . . . . . . . . . . . . . . . . . . Crush 1 | . . . 1 . . . . . . . . . . . . . . . . . . . . . . . . Escape Stasis 87 | . . . . . . . . 23 . 48 . 16 . . . . . . . . . . . . . . . Rewire 44 | . . . . . . . . 26 . . . 5 . . . . 11 . 2 . . . . . . . . Trap 7 | . . . . . . . . . . . . . . . . . . . . 7 . . . . . . . Miscellaneous 710 | . 28 23 104 26 12 28 46 66 20 45 . 33 10 6 17 . 11 40 31 40 16 3 20 23 10 15 37 Route ------- -11/Junkyard -10/Materials (discovered 4 exits: *Mat x3 / *Min) -10/Mines (discovered 2 exits: *Mat x2) -9/Materials (discovered 4 exits: *Mat x3 / *Min) -9/Mines (discovered 3 exits: *Mat x2 / *Exi) -9/Exiles -8/Mines -8/Materials (discovered 4 exits: *Fac x2 / Sto / Gar) -8/Garrison (discovered 3 exits: *Mat x3) -8/Materials (discovered 3 exits: *Fac / *Sto / Gar) -8/Garrison (discovered 3 exits: *Mat x3) -8/Materials -8/Garrison (discovered 3 exits: *Fac x3) -7/Factory (discovered 2 exits: *Low x2) -7/Lower Caves -7/Lower Caves (discovered 2 exits: *Fac / *Zio) -7/Zion -6/Proximity Caves -6/Factory (discovered 6 exits: *Fac x3 / Low x2 / Gar) -6/Garrison (discovered 3 exits: *Fac x3) -6/Factory -6/Lower Caves (discovered 2 exits: Low / *Dat) -6/Data Miner -5/Proximity Caves -5/Factory (discovered 6 exits: Fac x4 / *Upp x2) -5/Upper Caves -5/Upper Caves (discovered 2 exits: *Fac / *War) -5/Warlord (discovered 1 exit: [*Pro]) History --------- Turn | Location | Event 6 | -11/Junkyard | Upgraded with Utility slot (x3) 6 | -11/Junkyard | Upgraded with Weapon slot (x1) 58 | -11/Junkyard | Discovered new exit (range 2) 127 | -11/Junkyard | Entered Materials 313 | -10/Materials | Build established: Mutant 638 | -10/Materials | Discovered new exit (range 16) 892 | -10/Materials | Build established: Scavenger-Skirmisher 1007 | -10/Materials | Reached level 2 1192 | -10/Materials | Central database locked down 1207 | -10/Materials | Discovered new exit (range 14) 1226 | -10/Materials | Identified exit to Materials 1322 | -10/Materials | Build established: Hacker-Skirmisher 1401 | -10/Materials | Reached level 3 1418 | -10/Materials | Upgraded with Utility slot (x1) 2179 | -10/Materials | Reached level 4 2188 | -10/Materials | Upgraded with Propulsion slot (x1) 2726 | -10/Materials | Entered Mines 2755 | -10/Mines | Build established: Hacker-Mutant 2762 | -10/Mines | Met a Derelict bent on vengeance 2924 | -10/Mines | Discovered exit to Materials (range 9) 3255 | -10/Mines | Received a Mining Laser from a helpful Derelict 3457 | -10/Mines | Met a Derelict who couldn't figure out how to use a Trap Extractor 3531 | -10/Mines | Assisted by bots powering up and referring to "LRC-V3" 3540 | -10/Mines | Learned Materials emergency access door positions 3829 | -10/Mines | Reached level 5 3875 | -10/Mines | Upgraded with Utility slot (x1) 3876 | -10/Mines | Found the Drone Emporium 3887 | -10/Mines | Found Prototype Device 3963 | -10/Mines | Discovered exit to Materials (range 16) 3993 | -10/Mines | Entered Materials 3993 | -9/Materials | Accompanied by 3 allies 3995 | -9/Materials | Reached level 6 4372 | -9/Materials | Discovered new exit (range 9) 4586 | -9/Materials | Reached level 7 4768 | -9/Materials | Identified Sensor Drone Bay 4987 | -9/Materials | Identified exit to Mines 5231 | -9/Materials | Reached level 8 5233 | -9/Materials | Upgraded with Utility slot (x1) 5334 | -9/Materials | Discovered new exit (range 8) 5539 | -9/Materials | Core integrity fell below 50% 5573 | -9/Materials | Core integrity fell below 20% 5707 | -9/Materials | Reached level 9 5983 | -9/Materials | Discovered new exit (range 3) 6393 | -9/Materials | First assault squad dispatched 6479 | -9/Materials | Reached level 10 6514 | -9/Materials | Destroyed 8 combat bots 6568 | -9/Materials | Upgraded with Power slot (x1) 6568 | -9/Materials | Upgraded with Weapon slot (x1) 7352 | -9/Materials | Sterilization system engaged 7352 | -9/Materials | Non-combat units ordered to evacuate 7360 | -9/Materials | Destroyed 9 combat bots 7452 | -9/Materials | Combat units ordered to evacuate 7652 | -9/Materials | Ambient heat levels rising (+10) 7797 | -9/Materials | Entered Mines 7803 | -9/Mines | Reached level 11 7920 | -9/Mines | Met a Derelict shopkeep closing up shop 7985 | -9/Mines | Excavation squad dispatched 7985 | -9/Mines | A large section of the Mines collapsed 8059 | -9/Mines | Discovered new exit (range 4) 8097 | -9/Mines | Build established: Hacker-Gunner 8200 | -9/Mines | Received a Rocket Launcher from a helpful Derelict 8314 | -9/Mines | Learned location of 1 exit from Materials 8439 | -9/Mines | Discovered new exit (range 9) 8449 | -9/Mines | Learned location of Storage (-8) 8702 | -9/Mines | Learned Materials emergency access door positions 9152 | -9/Mines | Deemed a non-threat by the Exiles lab entrance 9152 | -9/Mines | Discovered new exit (range 5) 9156 | -9/Mines | Entered Exiles 9206 | -9/Exiles | Met 8R-AWN 9223 | -9/Exiles | Met EX-HEX 9253 | -9/Exiles | Met EX-BIN 9264 | -9/Exiles | Aligned with FarCom system 9265 | -9/Exiles | Given EX-Vault access code 9400 | -9/Exiles | Met EX-DEC 9457 | -9/Exiles | Build established: Hacker-Mutant 9628 | -9/Exiles | Opened EX-Vault 9634 | -9/Exiles | Found Prototype Energy Gun 9641 | -9/Exiles | Found Prototype Processor 9665 | -9/Exiles | Warned to stay clear of 0b10 Research branches 9790 | -9/Exiles | Attacked by the Exiles 9903 | -9/Exiles | Found Prototype Ballistic Gun 9961 | -9/Exiles | Destroyed 8R-AWN 9965 | -9/Exiles | Found Prototype Processor 9965 | -9/Exiles | Identified Exp. Targeting Computer 9976 | -9/Exiles | Found Prototype Protection 9976 | -9/Exiles | Identified 8R-AWN's Armor/EX 9981 | -9/Exiles | Found Prototype Protection 9981 | -9/Exiles | Identified 8R-AWN's Armor/TH 9994 | -9/Exiles | Found Prototype Device 9994 | -9/Exiles | Identified AS-neutralizer No. 17b 10008 | -9/Exiles | Identified 8R-AWN's Boregun 10009 | -9/Exiles | Found 8R-AWN's Boregun 10118 | -9/Exiles | Destroyed EX-BIN 10147 | -9/Exiles | Destroyed EX-DEC 10177 | -9/Exiles | Found Prototype Device 10177 | -9/Exiles | Identified System Purifier 10190 | -9/Exiles | Found Prototype Processor 10190 | -9/Exiles | Identified Exp. Core Analyzer 10194 | -9/Exiles | Destroyed EX-HEX 10355 | -9/Exiles | Discovered new exit (range 14) 10369 | -9/Exiles | Build established: Scavenger-Mutant 10370 | -9/Exiles | Entered Mines 10444 | -8/Mines | Reached level 12 10465 | -8/Mines | AD-0RF came to Exiles' defense 10468 | -8/Mines | Destroyed 10 combat bots 10499 | -8/Mines | Destroyed AD-0RF 10561 | -8/Mines | Found Prototype Device 10561 | -8/Mines | Identified Exp. Thermal Shield 10577 | -8/Mines | Found Exp. Targeting Computer 10881 | -8/Mines | Discovered new exit (range 13) 10903 | -8/Mines | Entered Materials 10904 | -8/Materials | Identified exit to Storage 11018 | -8/Materials | Reached level 13 11067 | -8/Materials | Destroyed 8 combat bots 11129 | -8/Materials | Discovered new exit (range 3) 11303 | -8/Materials | First assault squad dispatched 11438 | -8/Materials | Discovered new exit (range 15) 11443 | -8/Materials | Destroyed 9 combat bots 11456 | -8/Materials | Identified exit to Factory 11509 | -8/Materials | Garrison activated, responded to threat 11531 | -8/Materials | Reached level 14 11565 | -8/Materials | Destroyed 8 combat bots 11597 | -8/Materials | Identified exit to Garrison 11597 | -8/Materials | Entered Garrison 11630 | -8/Garrison | Triggered checkpoint 11716 | -8/Garrison | Triggered checkpoint 11737 | -8/Garrison | Garrison Relay disabled 11842 | -8/Garrison | Triggered checkpoint 11930 | -8/Garrison | Triggered checkpoint 11989 | -8/Garrison | Discovered new exit (range 12) 11994 | -8/Garrison | Discovered new exit (range 16) 11994 | -8/Garrison | Discovered new exit (range 46) 11994 | -8/Garrison | Discovered new exit (range 57) 11994 | -8/Garrison | Identified exit to Materials 12016 | -8/Garrison | Triggered checkpoint 12064 | -8/Garrison | Garrison Relay disabled 12212 | -8/Garrison | Triggered checkpoint 12212 | -8/Garrison | Upgraded with Utility slot (x1) 12397 | -8/Garrison | Rescued a captive Derelict 12399 | -8/Garrison | Rescued a captive Derelict 12421 | -8/Garrison | Reached level 15 12422 | -8/Garrison | Triggered checkpoint 12518 | -8/Garrison | Spotted B-75 Beast 12544 | -8/Garrison | Destroyed B-75 Beast 12553 | -8/Garrison | Upgraded with Weapon slot (x1) 12554 | -8/Garrison | Upgraded with Power slot (x1) 12746 | -8/Garrison | Garrison Relay disabled 13071 | -8/Garrison | Entered Materials 13071 | -8/Materials | Accompanied by 5 allies 13071 | -8/Materials | Discovered exit to Storage (range 6) 13212 | -8/Materials | Central database locked down 13317 | -8/Materials | Garrison activated, responded to threat 13368 | -8/Materials | Discovered exit to Factory (range 13) 13371 | -8/Materials | Destroyed 12 combat bots 13384 | -8/Materials | Identified exit to Garrison 13384 | -8/Materials | Entered Garrison 13397 | -8/Garrison | Triggered checkpoint 13432 | -8/Garrison | Garrison Relay disabled 13451 | -8/Garrison | Identified exit to Materials 13810 | -8/Garrison | Triggered checkpoint 13821 | -8/Garrison | Destroyed 8 combat bots 13857 | -8/Garrison | Triggered checkpoint 13913 | -8/Garrison | Triggered checkpoint 13979 | -8/Garrison | Garrison Relay disabled 14076 | -8/Garrison | Triggered checkpoint 14245 | -8/Garrison | Core integrity fell below 50% 14363 | -8/Garrison | Garrison Relay disabled 14363 | -8/Garrison | Reached level 16 14507 | -8/Garrison | Triggered checkpoint 14544 | -8/Garrison | Rescued a captive Derelict 14597 | -8/Garrison | Discovered exit to Materials (range 75) 14597 | -8/Garrison | Discovered exit to Materials (range 51) 14597 | -8/Garrison | Discovered exit to Materials (range 6) 14799 | -8/Garrison | Entered Materials 14799 | -8/Materials | Accompanied by 1 ally 14831 | -8/Materials | Identified exit to Garrison 14831 | -8/Materials | Entered Garrison 14831 | -8/Garrison | Accompanied by 1 ally 14894 | -8/Garrison | Triggered checkpoint 14909 | -8/Garrison | Garrison Relay disabled 14909 | -8/Garrison | Garrison Relay disabled 15212 | -8/Garrison | Triggered checkpoint 15302 | -8/Garrison | Garrison Relay disabled 15445 | -8/Garrison | Triggered checkpoint 15514 | -8/Garrison | Discovered exit to Factory (range 12) 15524 | -8/Garrison | Discovered exit to Factory (range 12) 15524 | -8/Garrison | Discovered exit to Factory (range 45) 15524 | -8/Garrison | Discovered exit to Factory (range 49) 15580 | -8/Garrison | Triggered checkpoint 15676 | -8/Garrison | Spotted B-75 Beast 15686 | -8/Garrison | Destroyed B-75 Beast 15897 | -8/Garrison | Triggered checkpoint 15989 | -8/Garrison | Attempted to access garrison exit controls, blocked by remote lockdown 15992 | -8/Garrison | Build established: Hacker-Mutant 16186 | -8/Garrison | Entered Factory 16337 | -7/Factory | Fabricated Dispersion Rifle (x2) 16820 | -7/Factory | Build established: Scavenger-Mutant 16842 | -7/Factory | Reached level 17 16844 | -7/Factory | Found Rocket Array 16986 | -7/Factory | First assault squad dispatched 17270 | -7/Factory | Discovered new exit (range 16) 17394 | -7/Factory | Identified exit to Lower Caves 17434 | -7/Factory | Entered Lower Caves 17440 | -7/Lower Caves | Met a Warlord Commander 17441 | -7/Lower Caves | Learned location of Warlord (-5) 17445 | -7/Lower Caves | Found Encrypted Comm Array 17544 | -7/Lower Caves | Encountered a Warlord checkpoint 17876 | -7/Lower Caves | Discovered new exit (range 13) 17937 | -7/Lower Caves | Entered another Lower Caves area 17982 | -7/Lower Caves | Attracted the attention of an 0b10 checkpoint 18164 | -7/Lower Caves | Spotted B-75 Beast 18199 | -7/Lower Caves | Destroyed B-75 Beast 18266 | -7/Lower Caves | Encountered a Warlord checkpoint 18545 | -7/Lower Caves | Discovered new exit (range 9) 19429 | -7/Lower Caves | Learned location of 1 exit from Factory 19575 | -7/Lower Caves | Discovered new exit (range 11) 19982 | -7/Lower Caves | Entered Zion 19984 | -7/Zion | Reached level 18 19988 | -7/Zion | Upgraded with Utility slot (x1) 20016 | -7/Zion | Gained Derelict followers 20069 | -7/Zion | Acquired unknown access codes intercepted by a Zionite 20080 | -7/Zion | Discovered new exit (range 15) 20124 | -7/Zion | Found CR-A16's Pointy Stick 20399 | -7/Zion | Found Prototype Hackware 20400 | -7/Zion | Identified Exp. System Shield 20404 | -7/Zion | Found Prototype Processor 20405 | -7/Zion | Identified Exp. Armor Integrity Analyzer 20419 | -7/Zion | Found Exp. Targeting Computer 20590 | -7/Zion | Learned Factory emergency access door positions 20706 | -7/Zion | Build established: Hacker-Mutant 21467 | -7/Zion | Found Prototype Energy Gun 21467 | -7/Zion | Identified Storm Laser 21754 | -7/Zion | Build established: Hacker-Gunner 21783 | -7/Zion | Imprinted 21786 | -7/Zion | Declared Zion's savior 22112 | -7/Zion | Entered Proximity Caves 22112 | -6/Proximity Caves | Accompanied by 8 allies 22733 | -6/Proximity Caves | Learned location of 1 exit from Lower Caves 22775 | -6/Proximity Caves | Found Imp. Powered Armor 22951 | -6/Proximity Caves | Spotted B-75 Beast 22966 | -6/Proximity Caves | Allies destroyed B-75 Beast 23295 | -6/Proximity Caves | Discovered new exit (range 6) 23524 | -6/Proximity Caves | Entered Factory 23524 | -6/Factory | Accompanied by 6 allies 23525 | -6/Factory | Identified exit to Factory 23526 | -6/Factory | Reached level 19 23581 | -6/Factory | Zion Recon squad teleported in 23713 | -6/Factory | Retrieved Zion intel report: Emergency Access 23826 | -6/Factory | Retrieved Zion intel report: Depthwide Sectors/0 23874 | -6/Factory | First assault squad dispatched 23986 | -6/Factory | Reached level 20 23990 | -6/Factory | Upgraded with Utility slot (x1) 24047 | -6/Factory | Retrieved Zion intel report: Component Stockpiles 24058 | -6/Factory | Retrieved Zion intel report: Branch Access 24058 | -6/Factory | Identified exit to Lower Caves 24059 | -6/Factory | Zion Fire squad teleported in 24062 | -6/Factory | Local machine network offline 24359 | -6/Factory | Discovered exit to Factory (range 11) 24816 | -6/Factory | Terminal network hard line cut 25033 | -6/Factory | Garrison activated, responded to threat 25037 | -6/Factory | Reached level 21 25106 | -6/Factory | Identified exit to Garrison 25106 | -6/Factory | Entered Garrison 25199 | -6/Garrison | Triggered checkpoint 25219 | -6/Garrison | Garrison Relay disabled 25320 | -6/Garrison | Rescued a captive Derelict 25320 | -6/Garrison | Rescued a captive Derelict 25463 | -6/Garrison | Core integrity fell below 50% 25494 | -6/Garrison | Destroyed 13 combat bots 25576 | -6/Garrison | Triggered checkpoint 25632 | -6/Garrison | Triggered checkpoint 25727 | -6/Garrison | Identified exit to Factory 25806 | -6/Garrison | Garrison Relay disabled 25875 | -6/Garrison | Attempted to access garrison exit controls, blocked by remote lockdown 25927 | -6/Garrison | Triggered checkpoint 25973 | -6/Garrison | Retrieved Zion intel report: Prototype Schematics 25986 | -6/Garrison | Found embedded Infiltrators 25995 | -6/Garrison | Discovered exit to Factory (range 12) 26054 | -6/Garrison | Triggered checkpoint 26079 | -6/Garrison | Triggered checkpoint 26102 | -6/Garrison | Garrison Relay disabled 26216 | -6/Garrison | Triggered checkpoint 26303 | -6/Garrison | Discovered exit to Factory (range 8) 26370 | -6/Garrison | Attempted to access garrison exit controls, blocked by remote lockdown 26392 | -6/Garrison | Triggered checkpoint 26411 | -6/Garrison | Garrison Relay disabled 26547 | -6/Garrison | Entered Factory 26547 | -6/Factory | Accompanied by 2 allies 26632 | -6/Factory | Garrison activated, responded to threat 26897 | -6/Factory | First assault squad dispatched 26942 | -6/Factory | Retrieved Zion intel report: Emergency Access 27056 | -6/Factory | Garrison activated, responded to threat 27096 | -6/Factory | Reached level 22 27117 | -6/Factory | Destroyed 11 combat bots 27313 | -6/Factory | Upgraded with Weapon slot (x1) 27355 | -6/Factory | Retrieved Zion intel report: Depthwide Sectors/-1 27356 | -6/Factory | Zion Hacker squad teleported in 27671 | -6/Factory | Retrieved Zion intel report: Prototype Stockpiles 27672 | -6/Factory | Zion Trap Resupply teleported in 27792 | -6/Factory | High security lockdown imminent 27864 | -6/Factory | Discovered exit to Lower Caves (range 12) 27872 | -6/Factory | High security lockdown engaged 28016 | -6/Factory | Entered Lower Caves 28017 | -6/Lower Caves | Identified exit to Lower Caves 28711 | -6/Lower Caves | Learned Factory stockpile data 28718 | -6/Lower Caves | A Derelict revealed a hidden shortcut to meet someone special 28727 | -6/Lower Caves | Entered Data Miner 28728 | -6/Data Miner | Discovered new exit (range 6) 28756 | -6/Data Miner | Met Data Miner 28794 | -6/Data Miner | Learned location of Section 7 (-3) 28794 | -6/Data Miner | Acquired the access code to Warlord's prototype stash 28805 | -6/Data Miner | Received God Mode back door access code from Data Miner 28946 | -6/Data Miner | Data Conduit disabled 29062 | -6/Data Miner | Entered Proximity Caves 29175 | -5/Proximity Caves | Attracted the attention of an 0b10 checkpoint 29267 | -5/Proximity Caves | Build established: Scavenger-Gunner 29326 | -5/Proximity Caves | Spotted B-75 Beast 29355 | -5/Proximity Caves | Destroyed B-75 Beast 29458 | -5/Proximity Caves | Discovered exit to Factory (range 8) 29586 | -5/Proximity Caves | Attracted the attention of an 0b10 base 29591 | -5/Proximity Caves | Reached level 23 29626 | -5/Proximity Caves | Destroyed 12 combat bots 29656 | -5/Proximity Caves | Learned location of 1 exit from Factory 29656 | -5/Proximity Caves | Learned location of 1 exit from Research 29656 | -5/Proximity Caves | Learned 8 Research zone layouts 29656 | -5/Proximity Caves | Learned Factory emergency access door positions 29656 | -5/Proximity Caves | Learned Extension stockpile data 30479 | -5/Proximity Caves | Learned Factory machine intel 30872 | -5/Proximity Caves | Entered Factory 30873 | -5/Factory | Identified exit to Factory 30874 | -5/Factory | Identified exit to Upper Caves 30877 | -5/Factory | Loaded intel: 272 machine locations 31443 | -5/Factory | Destroyed 7 combat bots 31456 | -5/Factory | Reached level 24 31567 | -5/Factory | Retrieved Zion intel report: Active Terminals 31640 | -5/Factory | Retrieved Zion intel report: Branch Access 31641 | -5/Factory | Zion Demo squad teleported in 31752 | -5/Factory | Retrieved Zion intel report: Depthwide Sectors/-1 31772 | -5/Factory | First assault squad dispatched 31840 | -5/Factory | Retrieved Zion intel report: Unaware Analyses 31841 | -5/Factory | Zion Heavy squad teleported in 32007 | -5/Factory | Entered Upper Caves 32007 | -5/Upper Caves | Accompanied by 2 allies 32063 | -5/Upper Caves | Attracted the attention of an 0b10 checkpoint 32490 | -5/Upper Caves | Discovered new exit (range 7) 32728 | -5/Upper Caves | Found Prototype Protection 32728 | -5/Upper Caves | Identified Zio. Weapon Casing 33799 | -5/Upper Caves | Entered another Upper Caves area 33817 | -5/Upper Caves | Discovered exit to Factory (range 15) 34085 | -5/Upper Caves | Attracted the attention of an 0b10 checkpoint 34351 | -5/Upper Caves | Destroyed 10 combat bots 34420 | -5/Upper Caves | Learned location of Armory (-3) 34420 | -5/Upper Caves | Learned Extension stockpile data 34420 | -5/Upper Caves | Learned Extension terminal intel 34420 | -5/Upper Caves | Learned Armory terminal intel 34420 | -5/Upper Caves | Learned Extension garrison access intel 34420 | -5/Upper Caves | Learned Armory garrison access intel 34456 | -5/Upper Caves | Attracted the attention of an 0b10 base 35102 | -5/Upper Caves | Discovered new exit (range 10) 35699 | -5/Upper Caves | Entered Warlord 35765 | -5/Warlord | System corruption cleaned by Quarantine Array 35997 | -5/Warlord | Rebuked by Warlord 36022 | -5/Warlord | Warlord's base attacked by MAIN.C 36046 | -5/Warlord | Found Prototype Reactor 36046 | -5/Warlord | Identified Vortex Chain Reactor 36058 | -5/Warlord | Found Prototype Processor 36058 | -5/Warlord | Identified Exp. Core Analyzer 36090 | -5/Warlord | Found System Purifier 36219 | -5/Warlord | Found Prototype Energy Cannon 36220 | -5/Warlord | Identified Vortex Driver 36222 | -5/Warlord | Found Vortex Driver 36230 | -5/Warlord | Upgraded with Weapon slot (x1) 36234 | -5/Warlord | Found Prototype Launcher 36234 | -5/Warlord | Identified Vortex Catalyst Activator 36372 | -5/Warlord | Warlord forces counterattacked 36384 | -5/Warlord | Found Prototype Energy Gun 36384 | -5/Warlord | Identified Plasma Storm 36424 | -5/Warlord | Spotted Striker 36538 | -5/Warlord | Spotted Striker 36540 | -5/Warlord | Spotted Executioner 36541 | -5/Warlord | Reached level 25 36544 | -5/Warlord | Destroyed Striker 36548 | -5/Warlord | Attacked by Warlord forces 36559 | -5/Warlord | Spotted HH-ZB5(g) 36560 | -5/Warlord | Destroyed HH-ZB5(g) 36583 | -5/Warlord | Discovered new exit (range 15) 36611 | -5/Warlord | Destroyed 20 combat bots 36622 | -5/Warlord | Spotted Striker 36622 | -5/Warlord | Spotted Executioner 36626 | -5/Warlord | Destroyed Striker 36641 | -5/Warlord | Destroyed Executioner 36662 | -5/Warlord | Destroyed 11 combat bots 36697 | -5/Warlord | Warlord base infiltrated, sounded retreat 36723 | -5/Warlord | Spotted Striker 36723 | -5/Warlord | Spotted Executioner 36723 | -5/Warlord | Spotted Executioner 36725 | -5/Warlord | Destroyed Striker 36727 | -5/Warlord | Destroyed Executioner 36728 | -5/Warlord | Destroyed Executioner 36752 | -5/Warlord | Destroyed 14 combat bots 36800 | -5/Warlord | Spotted 5C-8M3(K) 36802 | -5/Warlord | Spotted TV-DIB(L) 36815 | -5/Warlord | Spotted TK-KFF(K) 36824 | -5/Warlord | Spotted 1U-4DI(B) 36824 | -5/Warlord | Spotted Striker 36835 | -5/Warlord | Spotted 96-GPH(B) 36835 | -5/Warlord | Destroyed 5C-8M3(K) 36840 | -5/Warlord | Destroyed Striker 36846 | -5/Warlord | Core integrity fell below 50% 36852 | -5/Warlord | Core integrity fell below 20% 36856 | -5/Warlord | Destroyed by NE-LRL(Y) with Heavy Autocannon Last Messages --------------- 36840_ Impulse Thruster Array melted. 36840_ Striker destroyed. 36840_ Melted Rnf. Fission Core. 36840_ B-60 Warrior critical meltdown. 36840_ Unknown Protection melted. 36842_ Penetrated by HV Slug. 36843_ Knocked back. 36845_ Imp. Force Field blasted off. 36846_ Penetrated by HV Slug. 36846_ Critical hit (Destroy). 36846_ HV Slug penetrates Wall. 36847_ Acquired Imp. Force Field. 36851_ Penetrated by HV Slug. 36853_ Upgraded: Core Integrity (+250) 36853_ Upgraded: Heat Dissipation (+6) 36853_ Upgraded: Energy Generation (+5) 36853_ Dropped Protomatter-78. 36853_ ZE-48G(Y) destroyed. 36854_ Penetrated by HV Slug. 36855_ Destroyed Imp. Phase Shifter. Map ----- +----------------------------------------------------+ | ???????????????????????????? | | ???????????????????????????? | | ???????????????????????????? | | ???????????????????????????? | | ???????????????????????????? | | ???????????????????????????? | | ?????#?????????????????????? | | ?????# ????????????????????? | | ?????# ????????????????????? | | ?????# ????????????????????? | | ?????# ????????????????????? | | ????## ??????????#####????? | | ???## ????????### =###??# | | ???# ???? #" !!!%]##%# | | ???# #?? =[*<=[[%% | | ???# ?? =%%=%=%%[= | | ???# ## ==%[ %##[# | | ????# # ! [%##??? | | ??????# ## =!%==[#???? | | ??????## ; !%=%%%##???? | | ????###"" " = %=#????? | | ????# " " = ###???? | | ????##### YW ###?? | | ????????## # # ##? | | ?????????## #^ #? | | ??????????# # L@#? | | ????????# % # ##? | | ??????? # =*## %"#? | | ??????# #;; Y ##? | | ??????# %;;; #? | | ########## % # %!;# ^##? | | " %*!!"""# BB= =##?? | | =%%!=%[%!"! ##; ;BB! ##??? | | %=[!%==*% #! ;;; %=%% ##??? | | !!%%[%!%%%%BB%%!= #??? | | %%=%*%%/%+[=B *[K%# ## %#??? | | [%=*=%*==#"##[=%!## ## #??? | | ![%%%%"""#####!![#?###!!##?? | | !""""""""#???#%%%#?###= #?? | | ########???#!%#### # #?? | | #??????????#*!#?# #?? | | ###?????????? ### #?? | | ???????????? ### ##?? | | ???????????# ##?# #??? | | ??????????? ???## ##??? | | ??????????# ????## #???? | | ??????????# #?????# #???? | | ??????????# ??????## ##??? | | ??????????# ??????## #??? | | ?????????? ?????## #??? | +----------------------------------------------------+ Best States ------------- Heat Dissipation 127 Coolant Potential 120 Energy Generation 93 Energy Capacity 940 Matter Stores 300 Matter Capacity 300 Sight Range 18 Terrain Scan Range 16 Terrain Scan Density 110 Jamming Range 14 Power Amplification 30 Additional Mass Support 12 EM Shielding 3 Armor Coverage 1650 Resistance: KI 30 Resistance: TH 90 Resistance: EX 90 Weapon Shielding 100 Weapon Cycling 25 Evasion (%) 55 Targeting Accuracy 24 Melee Accuracy 6 Core Analysis 8 Armor Integrity Analysis 50 Recoil Reduction 2 Matter Filtering 30 Particle Charging 25 Kinecelleration 40 Salvage Targeting 5 Offensive Hacking 26 Defensive Hacking 26 Item Schematics ----------------- Enh. Autogun | -9/Materials | Scanalyzed Imp. Treads | -9/Materials | Scanalyzed Mak. System Shield | -7/Zion | Archive Matter Compressor | -7/Zion | Archive Adv. ECM Suite | -7/Zion | Archive Hvy. Flak Cannon | -7/Zion | Archive System Restoration Module | -7/Zion | Archive Lgt. Angular Momentum Engine | -7/Zion | Archive Gravmag System | -7/Zion | Archive KE Penetrator | -7/Zion | Archive Antigrav System | -7/Zion | Archive Component Analysis Suite | -7/Zion | Archive Coil Gun | -7/Zion | Archive Hvy. Rocket Launcher | -7/Zion | Archive Hyp. Gauss Rifle | -7/Zion | Archive Plasma Flamer | -7/Zion | Archive Weapon Cycler | -7/Zion | Archive Riot Gun | -7/Zion | Free Hvy. Riot Gun | -7/Zion | Free Battle Rifle | -7/Zion | Free Hvy. Battle Rifle | -7/Zion | Free Battle Cannon | -7/Zion | Free Tactical Coordination Suite | -7/Zion | Free Adv. Power Amplifier | -6/Factory | Scanalyzed Imp. Particle Charger | -6/Factory | Scanalyzed Biomechanical Wings | -6/Garrison | Z-intel Scatter Rocket Array | -6/Garrison | Z-intel Hvy. Particle Gun | -6/Garrison | Z-intel Cld. Plasma Cannon | -6/Garrison | Z-intel Gravity Neutralizer | -6/Garrison | Z-intel Exp. Weapon Shielding | -6/Garrison | Z-intel Prc. Shock Rifle | -6/Garrison | Z-intel Imp. Heavy Machine Gun | -6/Garrison | Z-intel Imp. Lightning Gun | -6/Garrison | Z-intel Antimatter Cannon | -6/Garrison | Z-intel Force Rifle | -6/Garrison | Z-intel Imp. Spread Laser | -6/Factory | Scanalyzed Combat Drone Bay | -6/Data Miner | Free Lgt. Regenerative Plating | -6/Data Miner | Free Cld. Nuclear Pulse Thruster | -6/Data Miner | Free Prc. Matter Filter | -6/Data Miner | Free Neutron Cannon | -6/Data Miner | Free Centrium Wheel | -6/Data Miner | Free Adv. Thermal Shield | -6/Data Miner | Free Railgun | -6/Data Miner | Free Imp. Focal Shield | -6/Data Miner | Free Antigrav Array | -6/Data Miner | Free Adv. Weapon Cycler | -6/Data Miner | Free Robot Schematics ------------------ L-31 Rogue | -7/Zion | Archive K-01 Serf | -7/Zion | Archive G-47 Trooper | -7/Zion | Archive Y-72 Warden | -7/Zion | Archive G-50 Soldier | -6/Data Miner | Free P-60 Hacker | -6/Data Miner | Free S-27 Virus | -6/Data Miner | Free Y-64 Sentinel | -6/Data Miner | Free M-22 Extractor | -6/Data Miner | Free W-44 Eye | -6/Data Miner | Free Fabricated ------------ Dispersion Rifle | x2 | -7/Factory | Preloaded Alien Tech Used ----------------- None Achievements -------------- None Challenges ------------ None RPGLIKE | -11 -10 -10 -9 -9 -9 -8 -8 -8 -8 -8 -8 -8 -7 -7 -7 -7 -6 -6 -6 -6 -6 -6 -5 -5 -5 -5 -5 --------- Run | Jun Mat Min Mat Min Exi Min Mat Gar Mat Gar Mat Gar Fac Low Low Zio Pro Fac Gar Fac Low Dat Pro Fac Upp Upp War Levels Raised 24 | . 3 1 5 1 . 1 2 1 . 1 . . 1 . . 1 . 3 . 1 . . 1 1 . . 1 XP Earned 39678 | 3000 4731 1300 8723 668 80 1304 2849 1652 491 786 3 667 1326 335 484 164 1233 3311 1094 698 146 73 1255 1606 326 464 909 XP Spent 38895 | 2950 4350 1700 6970 . 1310 1500 600 4200 . . . 1500 330 . . 2600 . 2900 200 3250 . . . . . . 4535 Upgrades 62 | 5 9 1 11 . 3 1 1 3 . . . 2 3 . . 1 . 1 1 7 . . . . . . 13 Power Slot 2 | . . . 1 . . . . 1 . . . . . . . . . . . . . . . . . . . Propulsion Slot 1 | . 1 . . . . . . . . . . . . . . . . . . . . . . . . . . Utility Slot 9 | 3 1 1 1 . . . . 1 . . . . . . . 1 . 1 . . . . . . . . . Weapon Slot 5 | 1 . . 1 . . . . 1 . . . . . . . . . . . 1 . . . . . . 1 Core Integrity 7 | . . . . . 2 . . . . . . . . . . . . . . . . . . . . . 5 Heat Dissipation 13 | . . . 2 . . . . . . . . . 3 . . . . . . 5 . . . . . . 3 Energy Generation 1 | . . . . . . . . . . . . . . . . . . . . . . . . . . . 1 Inventory Capacity 6 | . 2 . 2 . 1 1 . . . . . . . . . . . . . . . . . . . . . Sight Range 2 | . . . . . . . . . . . . . . . . . . . . . . . . . . . 2 Terrain Scan Density 1 | 1 . . . . . . . . . . . . . . . . . . . . . . . . . . . Ranged Accuracy 7 | . 1 . 1 . . . 1 . . . . 2 . . . . . . . 1 . . . . . . 1 Hack Attack % 3 | . 2 . 1 . . . . . . . . . . . . . . . . . . . . . . . . Hack Defense % 2 | . 2 . . . . . . . . . . . . . . . . . . . . . . . . . . KI Damage % 2 | . . . 2 . . . . . . . . . . . . . . . . . . . . . . . . TH Damage % 1 | . . . . . . . . . . . . . . . . . . . 1 . . . . . . . . Protomatter Created 9049 | . 310 345 789 191 91 257 393 827 282 527 . 321 162 98 223 . 49 613 411 481 55 167 255 562 75 429 1136 Integrity Restored 13943 | . 555 454 2161 526 273 627 921 1300 395 905 . 684 187 111 325 . 179 758 618 763 316 36 266 367 200 212 804 Core 9063 | . 444 333 1794 314 273 627 465 407 362 726 . 516 142 54 222 . 67 396 513 292 83 3 141 199 93 104 493 Parts 4880 | . 111 121 367 212 . . 456 893 33 179 . 168 45 57 103 . 112 362 105 471 233 33 125 168 107 108 311 Protomatter Decayed 5686 | . 110 150 278 27 . 113 127 428 181 216 . 193 88 50 105 52 90 532 333 324 4 . 239 516 105 457 968 Game ------ Seed DispersionActivePlating Manual? 1 Play Time 04:29:41 Cumulative 505.2 hours Start 2023.03.22 @ 11:10:33 End 2023.03.22 @ 22:59:49 Sessions 25 Manual Loads 0 Difficulty Rogue Special Mode Winter2019/RPGLIKE Game No. 535 Rogue 535 Adventurer 0 Explorer 0 Win Type - Total 1 Types 1/0/0/0/0/0/0/0/0 Lore% 62 Gallery% 83 Achievement% 65 Wizard Run 0 Options --------- ASCII 0 Keyboard 0 Movement Mouse Keybinds 0 Fullscreen 2 Font 24/Smallcaps Map View 76x50 Tactical HUD 1 Map Filters NONE Filters NONE Steam 1 RUN: 627ef310-fc5a-49c4-b20a-cac6af6da985